Workbook

Sheet Clas. general
A1: Empleados | C1: COSTO O GASTO | E1: VARIABLE FIJO O MIXTO | G1: DIRECTO O INDIRECTO
A3: Gerente del proyecto
A4: Gerente de producción
A5: Operario de la planta de produccion
A6: Profesional administrativo y RRHH
A7: Profesional de venta
A8: Servicios generales
A9: Materia prima
A10: A
A11: B
A12: C
A13: D
A14: E
... A29: Seguro de inventario

Sheet Indicadores 
H2: Concepto | I2: Diciembre | J2: Enero
A3: 11 | B3: 12 | C3: 13 | D3: 14 | H3: Activo Corriente | I3: =IFERROR(VLOOKUP($A3,Consolidados!$A$4:$D$1000,Consolidados!C$2,0),0)+IFERROR(VLOOKUP($B3,Consolidados!$A$4:$D$1000,Consolidados!C$2,0),0)+IFERROR(VLOOKUP($C3,Consolidados!$A$4:$D$1000,Consolidados!C$2,0),0)+IFERROR(VLOOKUP($D3,Consolidados!$A$4:$D$1000,Consolidados!C$2,0),0)+IFERROR(VLOOKUP($E3,Consolidados!$A$4:$D$1000,Consolidados!C$2,0),0)+IFERROR(VLOOKUP($F3,Consolidados!$A$4:$D$1000,Consolidados!C$2,0),0) -> 8.6790174e+09 | J3: =IFERROR(VLOOKUP($A3,Consolidados!$A$4:$D$1000,Consolidados!D$2,0),0)+IFERROR(VLOOKUP($B3,Consolidados!$A$4:$D$1000,Consolidados!D$2,0),0)+IFERROR(VLOOKUP($C3,Consolidados!$A$4:$D$1000,Consolidados!D$2,0),0)+IFERROR(VLOOKUP($D3,Consolidados!$A$4:$D$1000,Consolidados!D$2,0),0)+IFERROR(VLOOKUP($E3,Consolidados!$A$4:$D$1000,Consolidados!D$2,0),0)+IFERROR(VLOOKUP($F3,Consolidados!$A$4:$D$1000,Consolidados!D$2,0),0) -> 9.2054521e+09
A4: 21 | B4: 22 | C4: 23 | D4: 24 | E4: 25 | H4: Pasivo Corriente | I4: =IFERROR(VLOOKUP($A4,Consolidados!$A$4:$D$1000,Consolidados!C$2,0),0)+IFERROR(VLOOKUP($B4,Consolidados!$A$4:$D$1000,Consolidados!C$2,0),0)+IFERROR(VLOOKUP($C4,Consolidados!$A$4:$D$1000,Consolidados!C$2,0),0)+IFERROR(VLOOKUP($D4,Consolidados!$A$4:$D$1000,Consolidados!C$2,0),0)+IFERROR(VLOOKUP($E4,Consolidados!$A$4:$D$1000,Consolidados!C$2,0),0)+IFERROR(VLOOKUP($F4,Consolidados!$A$4:$D$1000,Consolidados!C$2,0),0) -> 1.4399617e+09 | J4: =IFERROR(VLOOKUP($A4,Consolidados!$A$4:$D$1000,Consolidados!D$2,0),0)+IFERROR(VLOOKUP($B4,Consolidados!$A$4:$D$1000,Consolidados!D$2,0),0)+IFERROR(VLOOKUP($C4,Consolidados!$A$4:$D$1000,Consolidados!D$2,0),0)+IFERROR(VLOOKUP($D4,Consolidados!$A$4:$D$1000,Consolidados!D$2,0),0)+IFERROR(VLOOKUP($E4,Consolidados!$A$4:$D$1000,Consolidados!D$2,0),0)+IFERROR(VLOOKUP($F4,Consolidados!$A$4:$D$1000,Consolidados!D$2,0),0) -> 1.650675e+09
A5: 11 | H5: Efectivo y equivalentes | I5: =IFERROR(VLOOKUP($A5,Consolidados!$A$4:$D$1000,Consolidados!C$2,0),0)+IFERROR(VLOOKUP($B5,Consolidados!$A$4:$D$1000,Consolidados!C$2,0),0)+IFERROR(VLOOKUP($C5,Consolidados!$A$4:$D$1000,Consolidados!C$2,0),0)+IFERROR(VLOOKUP($D5,Consolidados!$A$4:$D$1000,Consolidados!C$2,0),0)+IFERROR(VLOOKUP($E5,Consolidados!$A$4:$D$1000,Consolidados!C$2,0),0)+IFERROR(VLOOKUP($F5,Consolidados!$A$4:$D$1000,Consolidados!C$2,0),0) -> 2.6415312e+09 | J5: =IFERROR(VLOOKUP($A5,Consolidados!$A$4:$D$1000,Consolidados!D$2,0),0)+IFERROR(VLOOKUP($B5,Consolidados!$A$4:$D$1000,Consolidados!D$2,0),0)+IFERROR(VLOOKUP($C5,Consolidados!$A$4:$D$1000,Consolidados!D$2,0),0)+IFERROR(VLOOKUP($D5,Consolidados!$A$4:$D$1000,Consolidados!D$2,0),0)+IFERROR(VLOOKUP($E5,Consolidados!$A$4:$D$1000,Consolidados!D$2,0),0)+IFERROR(VLOOKUP($F5,Consolidados!$A$4:$D$1000,Consolidados!D$2,0),0) -> 2.6732059e+09
E6: 14 | H6: Inventario | I6: =IFERROR(VLOOKUP($A6,Consolidados!$A$4:$D$1000,Consolidados!C$2,0),0)+IFERROR(VLOOKUP($B6,Consolidados!$A$4:$D$1000,Consolidados!C$2,0),0)+IFERROR(VLOOKUP($C6,Consolidados!$A$4:$D$1000,Consolidados!C$2,0),0)+IFERROR(VLOOKUP($D6,Consolidados!$A$4:$D$1000,Consolidados!C$2,0),0)+IFERROR(VLOOKUP($E6,Consolidados!$A$4:$D$1000,Consolidados!C$2,0),0)+IFERROR(VLOOKUP($F6,Consolidados!$A$4:$D$1000,Consolidados!C$2,0),0) -> 3.4460259e+09 | J6: =IFERROR(VLOOKUP($A6,Consolidados!$A$4:$D$1000,Consolidados!D$2,0),0)+IFERROR(VLOOKUP($B6,Consolidados!$A$4:$D$1000,Consolidados!D$2,0),0)+IFERROR(VLOOKUP($C6,Consolidados!$A$4:$D$1000,Consolidados!D$2,0),0)+IFERROR(VLOOKUP($D6,Consolidados!$A$4:$D$1000,Consolidados!D$2,0),0)+IFERROR(VLOOKUP($E6,Consolidados!$A$4:$D$1000,Consolidados!D$2,0),0)+IFERROR(VLOOKUP($F6,Consolidados!$A$4:$D$1000,Consolidados!D$2,0),0) -> 4.0755793e+09
A7: 13 | H7: Clientes (Cartera) | I7: =IFERROR(VLOOKUP($A7,Consolidados!$A$4:$D$1000,Consolidados!C$2,0),0)+IFERROR(VLOOKUP($B7,Consolidados!$A$4:$D$1000,Consolidados!C$2,0),0)+IFERROR(VLOOKUP($C7,Consolidados!$A$4:$D$1000,Consolidados!C$2,0),0)+IFERROR(VLOOKUP($D7,Consolidados!$A$4:$D$1000,Consolidados!C$2,0),0)+IFERROR(VLOOKUP($E7,Consolidados!$A$4:$D$1000,Consolidados!C$2,0),0)+IFERROR(VLOOKUP($F7,Consolidados!$A$4:$D$1000,Consolidados!C$2,0),0) -> 2.5914603e+09 | J7: =IFERROR(VLOOKUP($A7,Consolidados!$A$4:$D$1000,Consolidados!D$2,0),0)+IFERROR(VLOOKUP($B7,Consolidados!$A$4:$D$1000,Consolidados!D$2,0),0)+IFERROR(VLOOKUP($C7,Consolidados!$A$4:$D$1000,Consolidados!D$2,0),0)+IFERROR(VLOOKUP($D7,Consolidados!$A$4:$D$1000,Consolidados!D$2,0),0)+IFERROR(VLOOKUP($E7,Consolidados!$A$4:$D$1000,Consolidados!D$2,0),0)+IFERROR(VLOOKUP($F7,Consolidados!$A$4:$D$1000,Consolidados!D$2,0),0) -> 2.456667e+09
A8: 1305 | B8: 1390 | C8: 1399 | H8: Cuentas comerciales por cobrar | I8: =IFERROR(VLOOKUP($A8,Consolidados!$A$4:$D$1000,Consolidados!C$2,0),0)+IFERROR(VLOOKUP($B8,Consolidados!$A$4:$D$1000,Consolidados!C$2,0),0)+IFERROR(VLOOKUP($C8,Consolidados!$A$4:$D$1000,Consolidados!C$2,0),0)+IFERROR(VLOOKUP($D8,Consolidados!$A$4:$D$1000,Consolidados!C$2,0),0)+IFERROR(VLOOKUP($E8,Consolidados!$A$4:$D$1000,Consolidados!C$2,0),0)+IFERROR(VLOOKUP($F8,Consolidados!$A$4:$D$1000,Consolidados!C$2,0),0) -> 1.6366816e+09 | J8: =IFERROR(VLOOKUP($A8,Consolidados!$A$4:$D$1000,Consolidados!D$2,0),0)+IFERROR(VLOOKUP($B8,Consolidados!$A$4:$D$1000,Consolidados!D$2,0),0)+IFERROR(VLOOKUP($C8,Consolidados!$A$4:$D$1000,Consolidados!D$2,0),0)+IFERROR(VLOOKUP($D8,Consolidados!$A$4:$D$1000,Consolidados!D$2,0),0)+IFERROR(VLOOKUP($E8,Consolidados!$A$4:$D$1000,Consolidados!D$2,0),0)+IFERROR(VLOOKUP($F8,Consolidados!$A$4:$D$1000,Consolidados!D$2,0),0) -> 1.5266696e+09
A9: 15 | H9: Propiedades planta y equipo | I9: =IFERROR(VLOOKUP($A9,Consolidados!$A$4:$D$1000,Consolidados!C$2,0),0)+IFERROR(VLOOKUP($B9,Consolidados!$A$4:$D$1000,Consolidados!C$2,0),0)+IFERROR(VLOOKUP($C9,Consolidados!$A$4:$D$1000,Consolidados!C$2,0),0)+IFERROR(VLOOKUP($D9,Consolidados!$A$4:$D$1000,Consolidados!C$2,0),0)+IFERROR(VLOOKUP($E9,Consolidados!$A$4:$D$1000,Consolidados!C$2,0),0)+IFERROR(VLOOKUP($F9,Consolidados!$A$4:$D$1000,Consolidados!C$2,0),0) -> 3.6963673e+09 | J9: =IFERROR(VLOOKUP($A9,Consolidados!$A$4:$D$1000,Consolidados!D$2,0),0)+IFERROR(VLOOKUP($B9,Consolidados!$A$4:$D$1000,Consolidados!D$2,0),0)+IFERROR(VLOOKUP($C9,Consolidados!$A$4:$D$1000,Consolidados!D$2,0),0)+IFERROR(VLOOKUP($D9,Consolidados!$A$4:$D$1000,Consolidados!D$2,0),0)+IFERROR(VLOOKUP($E9,Consolidados!$A$4:$D$1000,Consolidados!D$2,0),0)+IFERROR(VLOOKUP($F9,Consolidados!$A$4:$D$1000,Consolidados!D$2,0),0) -> 3.6803389e+09
A10: 1 | H10: Activo | I10: =IFERROR(VLOOKUP($A10,Consolidados!$A$4:$D$1000,Consolidados!C$2,0),0)+IFERROR(VLOOKUP($B10,Consolidados!$A$4:$D$1000,Consolidados!C$2,0),0)+IFERROR(VLOOKUP($C10,Consolidados!$A$4:$D$1000,Consolidados!C$2,0),0)+IFERROR(VLOOKUP($D10,Consolidados!$A$4:$D$1000,Consolidados!C$2,0),0)+IFERROR(VLOOKUP($E10,Consolidados!$A$4:$D$1000,Consolidados!C$2,0),0)+IFERROR(VLOOKUP($F10,Consolidados!$A$4:$D$1000,Consolidados!C$2,0),0) -> 2.4750769e+10 | J10: =IFERROR(VLOOKUP($A10,Consolidados!$A$4:$D$1000,Consolidados!D$2,0),0)+IFERROR(VLOOKUP($B10,Consolidados!$A$4:$D$1000,Consolidados!D$2,0),0)+IFERROR(VLOOKUP($C10,Consolidados!$A$4:$D$1000,Consolidados!D$2,0),0)+IFERROR(VLOOKUP($D10,Consolidados!$A$4:$D$1000,Consolidados!D$2,0),0)+IFERROR(VLOOKUP($E10,Consolidados!$A$4:$D$1000,Consolidados!D$2,0),0)+IFERROR(VLOOKUP($F10,Consolidados!$A$4:$D$1000,Consolidados!D$2,0),0) -> 2.5771582e+10
A11: 2 | H11: Pasivo | I11: =IFERROR(VLOOKUP($A11,Consolidados!$A$4:$D$1000,Consolidados!C$2,0),0)+IFERROR(VLOOKUP($B11,Consolidados!$A$4:$D$1000,Consolidados!C$2,0),0)+IFERROR(VLOOKUP($C11,Consolidados!$A$4:$D$1000,Consolidados!C$2,0),0)+IFERROR(VLOOKUP($D11,Consolidados!$A$4:$D$1000,Consolidados!C$2,0),0)+IFERROR(VLOOKUP($E11,Consolidados!$A$4:$D$1000,Consolidados!C$2,0),0)+IFERROR(VLOOKUP($F11,Consolidados!$A$4:$D$1000,Consolidados!C$2,0),0) -> 1.104051e+10 | J11: =IFERROR(VLOOKUP($A11,Consolidados!$A$4:$D$1000,Consolidados!D$2,0),0)+IFERROR(VLOOKUP($B11,Consolidados!$A$4:$D$1000,Consolidados!D$2,0),0)+IFERROR(VLOOKUP($C11,Consolidados!$A$4:$D$1000,Consolidados!D$2,0),0)+IFERROR(VLOOKUP($D11,Consolidados!$A$4:$D$1000,Consolidados!D$2,0),0)+IFERROR(VLOOKUP($E11,Consolidados!$A$4:$D$1000,Consolidados!D$2,0),0)+IFERROR(VLOOKUP($F11,Consolidados!$A$4:$D$1000,Consolidados!D$2,0),0) -> 1.2556198e+10
A12: 22 | H12: Proveedores | I12: =IFERROR(VLOOKUP($A12,Consolidados!$A$4:$D$1000,Consolidados!C$2,0),0)+IFERROR(VLOOKUP($B12,Consolidados!$A$4:$D$1000,Consolidados!C$2,0),0)+IFERROR(VLOOKUP($C12,Consolidados!$A$4:$D$1000,Consolidados!C$2,0),0)+IFERROR(VLOOKUP($D12,Consolidados!$A$4:$D$1000,Consolidados!C$2,0),0)+IFERROR(VLOOKUP($E12,Consolidados!$A$4:$D$1000,Consolidados!C$2,0),0)+IFERROR(VLOOKUP($F12,Consolidados!$A$4:$D$1000,Consolidados!C$2,0),0) -> 5.0970213e+08 | J12: =IFERROR(VLOOKUP($A12,Consolidados!$A$4:$D$1000,Consolidados!D$2,0),0)+IFERROR(VLOOKUP($B12,Consolidados!$A$4:$D$1000,Consolidados!D$2,0),0)+IFERROR(VLOOKUP($C12,Consolidados!$A$4:$D$1000,Consolidados!D$2,0),0)+IFERROR(VLOOKUP($D12,Consolidados!$A$4:$D$1000,Consolidados!D$2,0),0)+IFERROR(VLOOKUP($E12,Consolidados!$A$4:$D$1000,Consolidados!D$2,0),0)+IFERROR(VLOOKUP($F12,Consolidados!$A$4:$D$1000,Consolidados!D$2,0),0) -> 990578580
A13: 3 | H13: Patrimonio | I13: =IFERROR(VLOOKUP($A13,Consolidados!$A$4:$D$1000,Consolidados!C$2,0),0)+IFERROR(VLOOKUP($B13,Consolidados!$A$4:$D$1000,Consolidados!C$2,0),0)+IFERROR(VLOOKUP($C13,Consolidados!$A$4:$D$1000,Consolidados!C$2,0),0)+IFERROR(VLOOKUP($D13,Consolidados!$A$4:$D$1000,Consolidados!C$2,0),0)+IFERROR(VLOOKUP($E13,Consolidados!$A$4:$D$1000,Consolidados!C$2,0),0)+IFERROR(VLOOKUP($F13,Consolidados!$A$4:$D$1000,Consolidados!C$2,0),0) -> 1.417352e+10 | J13: =IFERROR(VLOOKUP($A13,Consolidados!$A$4:$D$1000,Consolidados!D$2,0),0)+IFERROR(VLOOKUP($B13,Consolidados!$A$4:$D$1000,Consolidados!D$2,0),0)+IFERROR(VLOOKUP($C13,Consolidados!$A$4:$D$1000,Consolidados!D$2,0),0)+IFERROR(VLOOKUP($D13,Consolidados!$A$4:$D$1000,Consolidados!D$2,0),0)+IFERROR(VLOOKUP($E13,Consolidados!$A$4:$D$1000,Consolidados!D$2,0),0)+IFERROR(VLOOKUP($F13,Consolidados!$A$4:$D$1000,Consolidados!D$2,0),0) -> 1.417352e+10
A14: 21 | H14: Obligación financiera | I14: =IFERROR(VLOOKUP($A14,Consolidados!$A$4:$D$1000,Consolidados!C$2,0),0)+IFERROR(VLOOKUP($B14,Consolidados!$A$4:$D$1000,Consolidados!C$2,0),0)+IFERROR(VLOOKUP($C14,Consolidados!$A$4:$D$1000,Consolidados!C$2,0),0)+IFERROR(VLOOKUP($D14,Consolidados!$A$4:$D$1000,Consolidados!C$2,0),0)+IFERROR(VLOOKUP($E14,Consolidados!$A$4:$D$1000,Consolidados!C$2,0),0)+IFERROR(VLOOKUP($F14,Consolidados!$A$4:$D$1000,Consolidados!C$2,0),0) -> 0 | J14: =IFERROR(VLOOKUP($A14,Consolidados!$A$4:$D$1000,Consolidados!D$2,0),0)+IFERROR(VLOOKUP($B14,Consolidados!$A$4:$D$1000,Consolidados!D$2,0),0)+IFERROR(VLOOKUP($C14,Consolidados!$A$4:$D$1000,Consolidados!D$2,0),0)+IFERROR(VLOOKUP($D14,Consolidados!$A$4:$D$1000,Consolidados!D$2,0),0)+IFERROR(VLOOKUP($E14,Consolidados!$A$4:$D$1000,Consolidados!D$2,0),0)+IFERROR(VLOOKUP($F14,Consolidados!$A$4:$D$1000,Consolidados!D$2,0),0) -> 0
A16: 41 | H16: Ingresos operacionales | I16: =IFERROR(VLOOKUP($A16,Consolidados!$A$4:$D$1000,Consolidados!C$2,0),0)+IFERROR(VLOOKUP($B16,Consolidados!$A$4:$D$1000,Consolidados!C$2,0),0)+IFERROR(VLOOKUP($C16,Consolidados!$A$4:$D$1000,Consolidados!C$2,0),0)+IFERROR(VLOOKUP($D16,Consolidados!$A$4:$D$1000,Consolidados!C$2,0),0)+IFERROR(VLOOKUP($E16,Consolidados!$A$4:$D$1000,Consolidados!C$2,0),0)+IFERROR(VLOOKUP($F16,Consolidados!$A$4:$D$1000,Consolidados!C$2,0),0) -> 5.4073258e+09 | J16: =IFERROR(VLOOKUP($A16,Consolidados!$A$4:$D$1000,Consolidados!D$2,0),0)+IFERROR(VLOOKUP($B16,Consolidados!$A$4:$D$1000,Consolidados!D$2,0),0)+IFERROR(VLOOKUP($C16,Consolidados!$A$4:$D$1000,Consolidados!D$2,0),0)+IFERROR(VLOOKUP($D16,Consolidados!$A$4:$D$1000,Consolidados!D$2,0),0)+IFERROR(VLOOKUP($E16,Consolidados!$A$4:$D$1000,Consolidados!D$2,0),0)+IFERROR(VLOOKUP($F16,Consolidados!$A$4:$D$1000,Consolidados!D$2,0),0) -> 9.9731225e+08
A17: 6 | B17: 7 | H17: Costos de venta | I17: =IFERROR(VLOOKUP($A17,Consolidados!$A$4:$D$1000,Consolidados!C$2,0),0)+IFERROR(VLOOKUP($B17,Consolidados!$A$4:$D$1000,Consolidados!C$2,0),0)+IFERROR(VLOOKUP($C17,Consolidados!$A$4:$D$1000,Consolidados!C$2,0),0)+IFERROR(VLOOKUP($D17,Consolidados!$A$4:$D$1000,Consolidados!C$2,0),0)+IFERROR(VLOOKUP($E17,Consolidados!$A$4:$D$1000,Consolidados!C$2,0),0)+IFERROR(VLOOKUP($F17,Consolidados!$A$4:$D$1000,Consolidados!C$2,0),0) -> 7.6440957e+08 | J17: =IFERROR(VLOOKUP($A17,Consolidados!$A$4:$D$1000,Consolidados!D$2,0),0)+IFERROR(VLOOKUP($B17,Consolidados!$A$4:$D$1000,Consolidados!D$2,0),0)+IFERROR(VLOOKUP($C17,Consolidados!$A$4:$D$1000,Consolidados!D$2,0),0)+IFERROR(VLOOKUP($D17,Consolidados!$A$4:$D$1000,Consolidados!D$2,0),0)+IFERROR(VLOOKUP($E17,Consolidados!$A$4:$D$1000,Consolidados!D$2,0),0)+IFERROR(VLOOKUP($F17,Consolidados!$A$4:$D$1000,Consolidados!D$2,0),0) -> 1.7210395e+09
H18: Utilidad bruta | I18: =I16-I17 -> 4.6429162e+09 | J18: =J16-J17 -> -7.2372724e+08
A19: 51 | H19: Gasto de adminitración | I19: =IFERROR(VLOOKUP($A19,Consolidados!$A$4:$D$1000,Consolidados!C$2,0),0)+IFERROR(VLOOKUP($B19,Consolidados!$A$4:$D$1000,Consolidados!C$2,0),0)+IFERROR(VLOOKUP($C19,Consolidados!$A$4:$D$1000,Consolidados!C$2,0),0)+IFERROR(VLOOKUP($D19,Consolidados!$A$4:$D$1000,Consolidados!C$2,0),0)+IFERROR(VLOOKUP($E19,Consolidados!$A$4:$D$1000,Consolidados!C$2,0),0)+IFERROR(VLOOKUP($F19,Consolidados!$A$4:$D$1000,Consolidados!C$2,0),0) -> 2.8333203e+08 | J19: =IFERROR(VLOOKUP($A19,Consolidados!$A$4:$D$1000,Consolidados!D$2,0),0)+IFERROR(VLOOKUP($B19,Consolidados!$A$4:$D$1000,Consolidados!D$2,0),0)+IFERROR(VLOOKUP($C19,Consolidados!$A$4:$D$1000,Consolidados!D$2,0),0)+IFERROR(VLOOKUP($D19,Consolidados!$A$4:$D$1000,Consolidados!D$2,0),0)+IFERROR(VLOOKUP($E19,Consolidados!$A$4:$D$1000,Consolidados!D$2,0),0)+IFERROR(VLOOKUP($F19,Consolidados!$A$4:$D$1000,Consolidados!D$2,0),0) -> 5.7210833e+08
A20: 52 | H20: Gasto de venta | I20: =IFERROR(VLOOKUP($A20,Consolidados!$A$4:$D$1000,Consolidados!C$2,0),0)+IFERROR(VLOOKUP($B20,Consolidados!$A$4:$D$1000,Consolidados!C$2,0),0)+IFERROR(VLOOKUP($C20,Consolidados!$A$4:$D$1000,Consolidados!C$2,0),0)+IFERROR(VLOOKUP($D20,Consolidados!$A$4:$D$1000,Consolidados!C$2,0),0)+IFERROR(VLOOKUP($E20,Consolidados!$A$4:$D$1000,Consolidados!C$2,0),0)+IFERROR(VLOOKUP($F20,Consolidados!$A$4:$D$1000,Consolidados!C$2,0),0) -> 116617550 | J20: =IFERROR(VLOOKUP($A20,Consolidados!$A$4:$D$1000,Consolidados!D$2,0),0)+IFERROR(VLOOKUP($B20,Consolidados!$A$4:$D$1000,Consolidados!D$2,0),0)+IFERROR(VLOOKUP($C20,Consolidados!$A$4:$D$1000,Consolidados!D$2,0),0)+IFERROR(VLOOKUP($D20,Consolidados!$A$4:$D$1000,Consolidados!D$2,0),0)+IFERROR(VLOOKUP($E20,Consolidados!$A$4:$D$1000,Consolidados!D$2,0),0)+IFERROR(VLOOKUP($F20,Consolidados!$A$4:$D$1000,Consolidados!D$2,0),0) -> 185695502
H21: Utilidad operacional (EBIT) | I21: =I18-I19-I20 -> 4.2429666e+09 | J21: =J18-J19-J20 -> -1.4815311e+09
A22: 42 | H22: Ingresos no operacionales | I22: =IFERROR(VLOOKUP($A22,Consolidados!$A$4:$D$1000,Consolidados!C$2,0),0)+IFERROR(VLOOKUP($B22,Consolidados!$A$4:$D$1000,Consolidados!C$2,0),0)+IFERROR(VLOOKUP($C22,Consolidados!$A$4:$D$1000,Consolidados!C$2,0),0)+IFERROR(VLOOKUP($D22,Consolidados!$A$4:$D$1000,Consolidados!C$2,0),0)+IFERROR(VLOOKUP($E22,Consolidados!$A$4:$D$1000,Consolidados!C$2,0),0)+IFERROR(VLOOKUP($F22,Consolidados!$A$4:$D$1000,Consolidados!C$2,0),0) -> 21714070 | J22: =IFERROR(VLOOKUP($A22,Consolidados!$A$4:$D$1000,Consolidados!D$2,0),0)+IFERROR(VLOOKUP($B22,Consolidados!$A$4:$D$1000,Consolidados!D$2,0),0)+IFERROR(VLOOKUP($C22,Consolidados!$A$4:$D$1000,Consolidados!D$2,0),0)+IFERROR(VLOOKUP($D22,Consolidados!$A$4:$D$1000,Consolidados!D$2,0),0)+IFERROR(VLOOKUP($E22,Consolidados!$A$4:$D$1000,Consolidados!D$2,0),0)+IFERROR(VLOOKUP($F22,Consolidados!$A$4:$D$1000,Consolidados!D$2,0),0) -> 1.7262881e+08
A23: 53 | H23: Gasto no operacionales | I23: =IFERROR(VLOOKUP($A23,Consolidados!$A$4:$D$1000,Consolidados!C$2,0),0)+IFERROR(VLOOKUP($B23,Consolidados!$A$4:$D$1000,Consolidados!C$2,0),0)+IFERROR(VLOOKUP($C23,Consolidados!$A$4:$D$1000,Consolidados!C$2,0),0)+IFERROR(VLOOKUP($D23,Consolidados!$A$4:$D$1000,Consolidados!C$2,0),0)+IFERROR(VLOOKUP($E23,Consolidados!$A$4:$D$1000,Consolidados!C$2,0),0)+IFERROR(VLOOKUP($F23,Consolidados!$A$4:$D$1000,Consolidados!C$2,0),0) -> 11922229 | J23: =IFERROR(VLOOKUP($A23,Consolidados!$A$4:$D$1000,Consolidados!D$2,0),0)+IFERROR(VLOOKUP($B23,Consolidados!$A$4:$D$1000,Consolidados!D$2,0),0)+IFERROR(VLOOKUP($C23,Consolidados!$A$4:$D$1000,Consolidados!D$2,0),0)+IFERROR(VLOOKUP($D23,Consolidados!$A$4:$D$1000,Consolidados!D$2,0),0)+IFERROR(VLOOKUP($E23,Consolidados!$A$4:$D$1000,Consolidados!D$2,0),0)+IFERROR(VLOOKUP($F23,Consolidados!$A$4:$D$1000,Consolidados!D$2,0),0) -> 30685043
H24: Utilidad antes de impuesto | I24: =I21+I22-I23 -> 4.2527585e+09 | J24: =J21+J22-J23 -> -1.3395873e+09
A25: 54 | H25: Gasto por impuesto | I25: =IFERROR(VLOOKUP($A25,Consolidados!$A$4:$D$1000,Consolidados!C$2,0),0)+IFERROR(VLOOKUP($B25,Consolidados!$A$4:$D$1000,Consolidados!C$2,0),0)+IFERROR(VLOOKUP($C25,Consolidados!$A$4:$D$1000,Consolidados!C$2,0),0)+IFERROR(VLOOKUP($D25,Consolidados!$A$4:$D$1000,Consolidados!C$2,0),0)+IFERROR(VLOOKUP($E25,Consolidados!$A$4:$D$1000,Consolidados!C$2,0),0)+IFERROR(VLOOKUP($F25,Consolidados!$A$4:$D$1000,Consolidados!C$2,0),0) -> 0 | J25: =IFERROR(VLOOKUP($A25,Consolidados!$A$4:$D$1000,Consolidados!D$2,0),0)+IFERROR(VLOOKUP($B25,Consolidados!$A$4:$D$1000,Consolidados!D$2,0),0)+IFERROR(VLOOKUP($C25,Consolidados!$A$4:$D$1000,Consolidados!D$2,0),0)+IFERROR(VLOOKUP($D25,Consolidados!$A$4:$D$1000,Consolidados!D$2,0),0)+IFERROR(VLOOKUP($E25,Consolidados!$A$4:$D$1000,Consolidados!D$2,0),0)+IFERROR(VLOOKUP($F25,Consolidados!$A$4:$D$1000,Consolidados!D$2,0),0) -> 0
H26: Utilidad neta | I26: =I24-I25 -> 4.2527585e+09 | J26: =J24-J25 -> -1.3395873e+09
H27: Gastos financieros (intereses) | I27: =IFERROR(VLOOKUP($A27,Consolidados!$A$4:$D$1000,Consolidados!C$2,0),0)+IFERROR(VLOOKUP($B27,Consolidados!$A$4:$D$1000,Consolidados!C$2,0),0)+IFERROR(VLOOKUP($C27,Consolidados!$A$4:$D$1000,Consolidados!C$2,0),0)+IFERROR(VLOOKUP($D27,Consolidados!$A$4:$D$1000,Consolidados!C$2,0),0)+IFERROR(VLOOKUP($E27,Consolidados!$A$4:$D$1000,Consolidados!C$2,0),0)+IFERROR(VLOOKUP($F27,Consolidados!$A$4:$D$1000,Consolidados!C$2,0),0) -> 0 | J27: =IFERROR(VLOOKUP($A27,Consolidados!$A$4:$D$1000,Consolidados!D$2,0),0)+IFERROR(VLOOKUP($B27,Consolidados!$A$4:$D$1000,Consolidados!D$2,0),0)+IFERROR(VLOOKUP($C27,Consolidados!$A$4:$D$1000,Consolidados!D$2,0),0)+IFERROR(VLOOKUP($D27,Consolidados!$A$4:$D$1000,Consolidados!D$2,0),0)+IFERROR(VLOOKUP($E27,Consolidados!$A$4:$D$1000,Consolidados!D$2,0),0)+IFERROR(VLOOKUP($F27,Consolidados!$A$4:$D$1000,Consolidados!D$2,0),0) -> 0
A28: 5160 | H28: Gastos por depreciación | I28: =IFERROR(VLOOKUP($A28,Consolidados!$A$4:$D$1000,Consolidados!C$2,0),0)+IFERROR(VLOOKUP($B28,Consolidados!$A$4:$D$1000,Consolidados!C$2,0),0)+IFERROR(VLOOKUP($C28,Consolidados!$A$4:$D$1000,Consolidados!C$2,0),0)+IFERROR(VLOOKUP($D28,Consolidados!$A$4:$D$1000,Consolidados!C$2,0),0)+IFERROR(VLOOKUP($E28,Consolidados!$A$4:$D$1000,Consolidados!C$2,0),0)+IFERROR(VLOOKUP($F28,Consolidados!$A$4:$D$1000,Consolidados!C$2,0),0) -> 6986759.1 | J28: =IFERROR(VLOOKUP($A28,Consolidados!$A$4:$D$1000,Consolidados!D$2,0),0)+IFERROR(VLOOKUP($B28,Consolidados!$A$4:$D$1000,Consolidados!D$2,0),0)+IFERROR(VLOOKUP($C28,Consolidados!$A$4:$D$1000,Consolidados!D$2,0),0)+IFERROR(VLOOKUP($D28,Consolidados!$A$4:$D$1000,Consolidados!D$2,0),0)+IFERROR(VLOOKUP($E28,Consolidados!$A$4:$D$1000,Consolidados!D$2,0),0)+IFERROR(VLOOKUP($F28,Consolidados!$A$4:$D$1000,Consolidados!D$2,0),0) -> 14533801
G32: Concepto | I32: Diciembre | J32: Enero
C33: Activo corriente - Pasivo corriente | G33: Liquidez | H33: Capital de trabajo | I33: =I3-I4 -> 7.2390557e+09 | J33: =J3-J4 -> 7.5547771e+09
C34: (Activo financiero -invetario) /pasivo corriente | H34: Razón corriente | I34: =I3/I4 -> 6.0272557 | J34: =J3/J4 -> 5.5767805
C35: Activo financiero /pasivo corriente | H35: Prueba acida | I35: =(I3-I6)/I4 -> 3.6341185 | J35: =(J3-J6)/J4 -> 3.1077425
C36: Efectivo y equivalentes al efectivo /pasivos corriente | H36: Razon de efectivo | I36: =IFERROR((I5/I4),0) -> 1.8344455 | J36: =IFERROR((J5/J4),0) -> 1.6194623
G38: Concepto | I38: Diciembre | J38: Enero
C39: Total pasivo / total de activo | G39: Apalancamiento | H39: Deuda de activos | I39: =IFERROR(I11/I10,0) -> 0.44606733 | J39: =IFERROR(J11/J10,0) -> 0.48721097
C40: Obligaciones financieras / total de activo | H40: Razón de deuda financiera a activos | I40: =IFERROR(I14/I3,0) -> 0 | J40: =IFERROR(J14/J3,0) -> 0
C41: Indicador es este mes dividido en el mes atenterior - 1 | H41: Crecimiento/reducción deuda financiera (%) | I41: 0 | J41: =IFERROR(J40/I40-1,0) -> 0
C42: Gastos financieros / obligacion financiera | H42: Costo implícito deuda financiera (%) | I42: =IFERROR(I27/I14,0) -> 0 | J42: =IFERROR(J27/J14,0) -> 0
C43: Total pasivo divido total patrimonio | H43: Razón de deuda a patrimonio | I43: =IFERROR(I11/I13,0) -> 0.77895327 | J43: =IFERROR(J11/J13,0) -> 0.88589128
C44: Total cartera divido total patrimonio | H44: Relación de cartera a patrimonio | I44: =IFERROR(I7/I13,0) -> 0.18283816 | J44: =IFERROR(J7/J13,0) -> 0.17332794
G46: Concepto | I46: Diciembre | J46: Enero
C47: Utilidad bruta/Ingresos | G47: Rentabilidad | H47: Margen bruto | I47: =IFERROR(I18/I16,0) -> 0.85863445 | J47: =IFERROR(J18/J16,0) -> -0.72567768
C48: Utilidad operacional/ingresos | H48: Margen operacional | I48: =IFERROR(I21/I16,0) -> 0.78467006 | J48: =IFERROR(J21/J16,0) -> -1.4855238
C49: Utilidad neta/ingresos | H49: Margen neto | I49: =IFERROR(I26/I16,0) -> 0.78648091 | J49: =IFERROR(J26/J16,0) -> -1.3431975
C50: Utilidad neta/total de activos | H50: ROA | I50: =IFERROR(I26/I10,0) -> 0.17182328 | J50: =IFERROR(J26/J10,0) -> -0.051979242
C51: Utilidad neta/total de patrimonio | H51: ROE | I51: =IFERROR(I26/I13,0) -> 0.30004957 | J51: =IFERROR(J26/J13,0) -> -0.094513384
C52: Utilidad operacional - impuestos - (Gastos financieros* 33%) | H52: NOPAT | I52: =IFERROR(I21-I25-(I27*31%),0) -> 4.2429666e+09 | J52: =IFERROR(J21-J25-(J27*31%),0) -> -1.4815311e+09
B53: (Estructura de capital *(Kd*(1-33%))+(Estructura de capital * Ke) | H53: WACC (CONTABLE) | I53: =(I73*(I70*(1-31%))+(I71*I72)) -> 0.16866636 | J53: =(J73*(J70*(1-31%))+(J71*J72)) -> -0.05011603
C54: NOPAT/(total de activo - proveedor) | H54: RONA | I54: =IFERROR(I52/(I10-I12),0) -> 0.17503217 | J54: =IFERROR(J52/(J10-J12),0) -> -0.059784951
I56: 360 | J56: 30
G57: Concepto | I57: Diciembre | J57: Enero
D58: Ventas sobre cartera | G58: ACTIVIDAD | H58: Clientes | I58: =IFERROR(I$56/(I16/I8),0) -> 108.96428 | J58: =IFERROR(J$56/(J16/J8),0) -> 45.92352 | K58: =+I16/I8 -> 3.3038349
D59: Inventario sobre costo de venta | H59: Inventarios | I59: =IFERROR(I$56/(I6/I17),0) -> 79.856465 | J59: =IFERROR(J$56/(J6/J17),0) -> 12.668428
D60: Proveedores sobre costo de venta | H60: Proveedores | I60: =IFERROR(I$56/(I12/I17),0) -> 539.89855 | J60: =IFERROR(J$56/(J12/J17),0) -> 52.12225
G62: Concepto | I62: Diciembre | J62: Enero
D63: Crecimiento de ventas de un periodo a otro | G63: Crecimiento | H63: Crecimiento vtas. | J63: =IFERROR(J16/I16-1,0) -> -0.81556276
D64: Crecimiento de PPyE de un periodo a otro | H64: % PPyE | J64: =IFERROR(J9/I9-1,0) -> -0.0043362508
H65: % costo vta. / vtas. | I65: =IFERROR(I17/I16,0) -> 0.14136555 | J65: =IFERROR(J17/J16,0) -> 1.7256777
H66: % gtos adm. / vtas. | I66: =IFERROR(I19/I16,0) -> 0.05239781 | J66: =IFERROR(J19/J16,0) -> 0.57365016
H67: % gtos. vtas. / vtas. | I67: =IFERROR(I20/I16,0) -> 0.021566585 | J67: =IFERROR(J20/J16,0) -> 0.18619595
G69: Concepto | I69: Diciembre | J69: Enero
D70: Pasivo/(Pasivo+ Patrimonio) | G70: Otros | H70: Estructura de capital - Pasivo | I70: =IFERROR(I11/(I11+I13),0) -> 0.43787169 | J70: =IFERROR(J11/(J11+J13),0) -> 0.46974674
D71: Capital/(Pasivo+ Patrimonio) | H71: Estructura de capital - Patrimonio | I71: =IFERROR(I13/(I11+I13),0) -> 0.56212831 | J71: =IFERROR(J13/(J11+J13),0) -> 0.53025326
D72: Intereses/Pasivo | H72: Costo de capital - Ke | I72: =IFERROR(I26/I13,0) -> 0.30004957 | J72: =IFERROR(J26/J13,0) -> -0.094513384
D73: Utilidad/Patrimonio | H73: Costo de la deuda - Kd | I73: =IFERROR(I27/I14,0) -> 0 | J73: =IFERROR(J27/J14,0) -> 0

Sheet Consolidados
C1: =+VLOOKUP(1,$A4:D1063,C$2,0)-VLOOKUP(2,$A4:D1063,C$2,0)-VLOOKUP(3,$A4:D1063,C$2,0)-VLOOKUP(4,$A4:D1063,C$2,0)+VLOOKUP(5,$A4:D1063,C$2,0)+VLOOKUP(6,$A4:D1063,C$2,0)+VLOOKUP(7,$A4:D1063,C$2,0) -> -9.7331864e+09 | D1: =+VLOOKUP(1,$A4:E1063,D$2,0)-VLOOKUP(2,$A4:E1063,D$2,0)-VLOOKUP(3,$A4:E1063,D$2,0)-VLOOKUP(4,$A4:E1063,D$2,0)+VLOOKUP(5,$A4:E1063,D$2,0)+VLOOKUP(6,$A4:E1063,D$2,0)+VLOOKUP(7,$A4:E1063,D$2,0) -> 0
B2: 2 | C2: 3 | D2: 4
A3: PUC | B3: Cuenta | C3: Enero | D3: Febrero
A4: =+Taxonomia!B3 -> 1 | B4: =+Taxonomia!C3 -> Activo | C4: =IFERROR(VLOOKUP(A4,Balances!$A$2:$F$1502,6,0),0) -> 2.4750769e+10 | D4: =IFERROR(VLOOKUP(A4,Balances!$G$3:$L$692,6,0),0) -> 2.5771582e+10
A5: =+Taxonomia!B4 -> 11 | B5: =+Taxonomia!C4 -> CAJA | C5: =IFERROR(VLOOKUP(A5,Balances!$A$2:$F$1502,6,0),0) -> 2.6415312e+09 | D5: =IFERROR(VLOOKUP(A5,Balances!$G$3:$L$692,6,0),0) -> 2.6732059e+09
A6: =+Taxonomia!B5 -> 1105 | B6: =+Taxonomia!C5 -> CAJA | C6: =IFERROR(VLOOKUP(A6,Balances!$A$2:$F$1502,6,0),0) -> 21859594 | D6: =IFERROR(VLOOKUP(A6,Balances!$G$3:$L$692,6,0),0) -> 80098566
A7: =+Taxonomia!B6 -> 110505 | B7: =+Taxonomia!C6 -> CAJA GENERAL | C7: =IFERROR(VLOOKUP(A7,Balances!$A$2:$F$1502,6,0),0) -> 1535174.5 | D7: =IFERROR(VLOOKUP(A7,Balances!$G$3:$L$692,6,0),0) -> 6862466.5
A8: =+Taxonomia!B7 -> 110510 | B8: =+Taxonomia!C7 -> CAJA MENOR BOGOTA | C8: =IFERROR(VLOOKUP(A8,Balances!$A$2:$F$1502,6,0),0) -> 2200000 | D8: =IFERROR(VLOOKUP(A8,Balances!$G$3:$L$692,6,0),0) -> 2200000
A9: =+Taxonomia!B8 -> 110520 | B9: =+Taxonomia!C8 -> MONEDA EXTRAJERA DOLARES | C9: =IFERROR(VLOOKUP(A9,Balances!$A$2:$F$1502,6,0),0) -> 18124420 | D9: =IFERROR(VLOOKUP(A9,Balances!$G$3:$L$692,6,0),0) -> 71036100
A10: =+Taxonomia!B9 -> 1110 | B10: =+Taxonomia!C9 -> BANCOS | C10: =IFERROR(VLOOKUP(A10,Balances!$A$2:$F$1502,6,0),0) -> 18948939 | D10: =IFERROR(VLOOKUP(A10,Balances!$G$3:$L$692,6,0),0) -> 7039763.3
A11: =+Taxonomia!B10 -> 111005 | B11: =+Taxonomia!C10 -> MONEDA NACIONAL | C11: =IFERROR(VLOOKUP(A11,Balances!$A$2:$F$1502,6,0),0) -> 18948939 | D11: =IFERROR(VLOOKUP(A11,Balances!$G$3:$L$692,6,0),0) -> 7039763.3
A12: =+Taxonomia!B11 -> 1120 | B12: =+Taxonomia!C11 -> CUENTAS DE AHORROS | C12: =IFERROR(VLOOKUP(A12,Balances!$A$2:$F$1502,6,0),0) -> 35334703 | D12: =IFERROR(VLOOKUP(A12,Balances!$G$3:$L$692,6,0),0) -> 2.6669752e+08
A13: =+Taxonomia!B12 -> 112005 | B13: =+Taxonomia!C12 -> BANCOS | C13: =IFERROR(VLOOKUP(A13,Balances!$A$2:$F$1502,6,0),0) -> 35334703 | D13: =IFERROR(VLOOKUP(A13,Balances!$G$3:$L$692,6,0),0) -> 2.6669752e+08
A14: =+Taxonomia!B13 -> 1130 | B14: =+Taxonomia!C13 -> FIDEICOMISOS | C14: =IFERROR(VLOOKUP(A14,Balances!$A$2:$F$1502,6,0),0) -> 2.565388e+09 | D14: =IFERROR(VLOOKUP(A14,Balances!$G$3:$L$692,6,0),0) -> 2.31937e+09
A15: =+Taxonomia!B14 -> 113005 | B15: =+Taxonomia!C14 -> ALIANZA FIDUCIARIA 130165090 | C15: =IFERROR(VLOOKUP(A15,Balances!$A$2:$F$1502,6,0),0) -> 2.565388e+09 | D15: =IFERROR(VLOOKUP(A15,Balances!$G$3:$L$692,6,0),0) -> 2.31937e+09
... A82: =+Taxonomia!B81 -> 169801 | B82: =+Taxonomia!C81 -> LICENCIA SOFTWARW | C82: =IFERROR(VLOOKUP(A82,Balances!$A$2:$F$1502,6,0),0) -> -45611334 | D82: =IFERROR(VLOOKUP(A82,Balances!$G$3:$L$692,6,0),0) -> -45611334
A83: =+Taxonomia!B82 -> 2 | B83: =+Taxonomia!C82 -> Pasivo | C83: =-IFERROR(VLOOKUP(A83,Balances!$A$2:$F$1502,6,0),0) -> 1.104051e+10 | D83: =-IFERROR(VLOOKUP(A83,Balances!$G$3:$L$692,6,0),0) -> 1.2556198e+10
A84: =+Taxonomia!B83 -> 22 | B84: =+Taxonomia!C83 -> PROVEEDORES | C84: =-IFERROR(VLOOKUP(A84,Balances!$A$2:$F$1502,6,0),0) -> 5.0970213e+08 | D84: =-IFERROR(VLOOKUP(A84,Balances!$G$3:$L$692,6,0),0) -> 990578580
A85: =+Taxonomia!B84 -> 2205 | B85: =+Taxonomia!C84 -> NACIONALES | C85: =-IFERROR(VLOOKUP(A85,Balances!$A$2:$F$1502,6,0),0) -> 318403150 | D85: =-IFERROR(VLOOKUP(A85,Balances!$G$3:$L$692,6,0),0) -> 532602756
A86: =+Taxonomia!B85 -> 220505 | B86: =+Taxonomia!C85 -> PROVEEDORES NACIONALES | C86: =-IFERROR(VLOOKUP(A86,Balances!$A$2:$F$1502,6,0),0) -> 318403150 | D86: =-IFERROR(VLOOKUP(A86,Balances!$G$3:$L$692,6,0),0) -> 532602756
A87: =+Taxonomia!B86 -> 2210 | B87: =+Taxonomia!C86 -> DEL EXTERIOR | C87: =-IFERROR(VLOOKUP(A87,Balances!$A$2:$F$1502,6,0),0) -> 1.9129898e+08 | D87: =-IFERROR(VLOOKUP(A87,Balances!$G$3:$L$692,6,0),0) -> 457975824
A88: =+Taxonomia!B87 -> 221001 | B88: =+Taxonomia!C87 -> PROVEEDORES DEL EXTERIOR | C88: =-IFERROR(VLOOKUP(A88,Balances!$A$2:$F$1502,6,0),0) -> 1.9129898e+08 | D88: =-IFERROR(VLOOKUP(A88,Balances!$G$3:$L$692,6,0),0) -> 457975824
A89: =+Taxonomia!B88 -> 23 | B89: =+Taxonomia!C88 -> CUENTAS POR PAGAR | C89: =-IFERROR(VLOOKUP(A89,Balances!$A$2:$F$1502,6,0),0) -> 434064320 | D89: =-IFERROR(VLOOKUP(A89,Balances!$G$3:$L$692,6,0),0) -> 379174640
A90: =+Taxonomia!B89 -> 2335 | B90: =+Taxonomia!C89 -> COSTOS Y GASTOS POR PAGAR | C90: =-IFERROR(VLOOKUP(A90,Balances!$A$2:$F$1502,6,0),0) -> 308434494 | D90: =-IFERROR(VLOOKUP(A90,Balances!$G$3:$L$692,6,0),0) -> 280701300
A91: =+Taxonomia!B90 -> 233570 | B91: =+Taxonomia!C90 -> SERVICIOS ADUANEROS | C91: =-IFERROR(VLOOKUP(A91,Balances!$A$2:$F$1502,6,0),0) -> 43456000 | D91: =-IFERROR(VLOOKUP(A91,Balances!$G$3:$L$692,6,0),0) -> 30514000
A92: =+Taxonomia!B91 -> 233595 | B92: =+Taxonomia!C91 -> OTROS | C92: =-IFERROR(VLOOKUP(A92,Balances!$A$2:$F$1502,6,0),0) -> 264978494 | D92: =-IFERROR(VLOOKUP(A92,Balances!$G$3:$L$692,6,0),0) -> 250187300
A93: =+Taxonomia!B92 -> 2355 | B93: =+Taxonomia!C92 -> DEUDAS CON ACCIONISTAS O SOCIOS | C93: =-IFERROR(VLOOKUP(A93,Balances!$A$2:$F$1502,6,0),0) -> 0 | D93: =-IFERROR(VLOOKUP(A93,Balances!$G$3:$L$692,6,0),0) -> 0
A94: =+Taxonomia!B93 -> 235515 | B94: =+Taxonomia!C93 -> SOCIOS | C94: =-IFERROR(VLOOKUP(A94,Balances!$A$2:$F$1502,6,0),0) -> 0 | D94: =-IFERROR(VLOOKUP(A94,Balances!$G$3:$L$692,6,0),0) -> 0
... A190: =+Taxonomia!B189 -> 429581 | B190: =+Taxonomia!C189 -> AJUSTE AL PESO | C190: =-IFERROR(VLOOKUP(A190,Balances!$A$2:$F$1502,6,0),0) -> 339.34 | D190: =-IFERROR(VLOOKUP(A190,Balances!$G$3:$L$692,6,0),0) -> 836.86
A191: =+Taxonomia!B190 -> 5 | B191: =+Taxonomia!C190 -> Gastos | C191: =IFERROR(VLOOKUP(A191,Balances!$A$2:$F$1502,6,0),0) -> 8.2374361e+08 | D191: =IFERROR(VLOOKUP(A191,Balances!$G$3:$L$692,6,0),0) -> 1.5769778e+09
A192: =+Taxonomia!B191 -> 51 | B192: =+Taxonomia!C191 -> GASTOS DE ADMINISTRACION | C192: =IFERROR(VLOOKUP(A192,Balances!$A$2:$F$1502,6,0),0) -> 2.8333203e+08 | D192: =IFERROR(VLOOKUP(A192,Balances!$G$3:$L$692,6,0),0) -> 5.7210833e+08
A193: =+Taxonomia!B192 -> 5105 | B193: =+Taxonomia!C192 -> GASTOS DE PERSONAL | C193: =IFERROR(VLOOKUP(A193,Balances!$A$2:$F$1502,6,0),0) -> 225257576 | D193: =IFERROR(VLOOKUP(A193,Balances!$G$3:$L$692,6,0),0) -> 414874584
A194: =+Taxonomia!B193 -> 510506 | B194: =+Taxonomia!C193 -> SUELDOS DE PERSONAL | C194: =IFERROR(VLOOKUP(A194,Balances!$A$2:$F$1502,6,0),0) -> 110139066 | D194: =IFERROR(VLOOKUP(A194,Balances!$G$3:$L$692,6,0),0) -> 226570666
A195: =+Taxonomia!B194 -> 510515 | B195: =+Taxonomia!C194 -> HORAS EXTRAS Y RECARGOS | C195: =IFERROR(VLOOKUP(A195,Balances!$A$2:$F$1502,6,0),0) -> 6626 | D195: =IFERROR(VLOOKUP(A195,Balances!$G$3:$L$692,6,0),0) -> 6626
A196: =+Taxonomia!B195 -> 510518 | B196: =+Taxonomia!C195 -> COMISIONES | C196: =IFERROR(VLOOKUP(A196,Balances!$A$2:$F$1502,6,0),0) -> 35856688 | D196: =IFERROR(VLOOKUP(A196,Balances!$G$3:$L$692,6,0),0) -> 50373912
A197: =+Taxonomia!B196 -> 510524 | B197: =+Taxonomia!C196 -> INCAPACIDADES | C197: =IFERROR(VLOOKUP(A197,Balances!$A$2:$F$1502,6,0),0) -> 200000 | D197: =IFERROR(VLOOKUP(A197,Balances!$G$3:$L$692,6,0),0) -> 200000
A198: =+Taxonomia!B197 -> 510527 | B198: =+Taxonomia!C197 -> AUXILIO DE TRANSPORTE | C198: =IFERROR(VLOOKUP(A198,Balances!$A$2:$F$1502,6,0),0) -> 1469066 | D198: =IFERROR(VLOOKUP(A198,Balances!$G$3:$L$692,6,0),0) -> 2959422
A199: =+Taxonomia!B198 -> 510530 | B199: =+Taxonomia!C198 -> CESANTIAS | C199: =IFERROR(VLOOKUP(A199,Balances!$A$2:$F$1502,6,0),0) -> 12907766 | D199: =IFERROR(VLOOKUP(A199,Balances!$G$3:$L$692,6,0),0) -> 21374298
A200: =+Taxonomia!B199 -> 510533 | B200: =+Taxonomia!C199 -> INTERESES SOBRE CESANTIAS | C200: =IFERROR(VLOOKUP(A200,Balances!$A$2:$F$1502,6,0),0) -> 129060 | D200: =IFERROR(VLOOKUP(A200,Balances!$G$3:$L$692,6,0),0) -> 213712
A201: =+Taxonomia!B200 -> 510536 | B201: =+Taxonomia!C200 -> PRIMA DE SERVICIOS | C201: =IFERROR(VLOOKUP(A201,Balances!$A$2:$F$1502,6,0),0) -> 12907766 | D201: =IFERROR(VLOOKUP(A201,Balances!$G$3:$L$692,6,0),0) -> 21374298
A202: =+Taxonomia!B201 -> 510539 | B202: =+Taxonomia!C201 -> VACACIONES | C202: =IFERROR(VLOOKUP(A202,Balances!$A$2:$F$1502,6,0),0) -> 7684730 | D202: =IFERROR(VLOOKUP(A202,Balances!$G$3:$L$692,6,0),0) -> 13145288
... A396: =+Taxonomia!B395 -> 739595 | B396: =+Taxonomia!C395 -> GASTOS DE MONTAJE | C396: =IFERROR(VLOOKUP(A396,Balances!$A$2:$F$1502,6,0),0) -> 88200488 | D396: =IFERROR(VLOOKUP(A396,Balances!$G$3:$L$692,6,0),0) -> 1.8471742e+08
C402: =+C4-C83-C140 -> -4.6325989e+08

Sheet Hoja2
A1: Enero | B1: 3 | C1: 1 | E1: Flujo de efectivo
A2: Febrero | B2: 4 | C2: =+C1+1 -> 2 | E2: 11 | F2: Efectivo y equivalente al efectivo | G2: =+VLOOKUP(E2,Consolidados!$A:$D,#REF!,0) -> #REF!
A3: Marzo | B3: =+B2+1 -> 5 | C3: =+C2+1 -> 3 | E3: 11 | F3: Efectivo y equivalente al efectivo | G3: =+VLOOKUP(E3,Consolidados!$A:$D,#REF!-1,0) -> #REF!
A4: Abril | B4: =+B3+1 -> 6 | C4: =+C3+1 -> 4
A5: Mayo | B5: =+B4+1 -> 7 | C5: =+C4+1 -> 5 | E5: PUC | F5: Concepto | G5: Actual | H5: Anterior | I5: Diferencia | J5: Actividades
A6: Junio | B6: =+B5+1 -> 8 | C6: =+C5+1 -> 6 | E6: 11 | F6: =IFERROR(VLOOKUP($E6,Taxonomia!$B:$C,2,0),0) -> CAJA | G6: =IFERROR(VLOOKUP(E6,Consolidados!$A:$D,#REF!,0),0) -> 0 | H6: =IFERROR(VLOOKUP(E6,Consolidados!$A:$D,#REF!-1,0),0) -> 0 | I6: =+G6-H6 -> 0
A7: Julio | B7: =+B6+1 -> 9 | C7: =+C6+1 -> 7 | E7: 12 | F7: =IFERROR(VLOOKUP($E7,Taxonomia!$B:$C,2,0),0) -> 0 | G7: =IFERROR(VLOOKUP(E7,Consolidados!$A:$D,#REF!,0),0) -> 0 | H7: =IFERROR(VLOOKUP(E7,Consolidados!$A:$D,#REF!-1,0),0) -> 0 | I7: =+G7-H7 -> 0 | J7: Inversión
A8: Agosto | B8: =+B7+1 -> 10 | C8: =+C7+1 -> 8 | E8: 13 | F8: =IFERROR(VLOOKUP($E8,Taxonomia!$B:$C,2,0),0) -> DEUDORES | G8: =IFERROR(VLOOKUP(E8,Consolidados!$A:$D,#REF!,0),0) -> 0 | H8: =IFERROR(VLOOKUP(E8,Consolidados!$A:$D,#REF!-1,0),0) -> 0 | I8: =+G8-H8 -> 0 | J8: Operación
A9: Septiembre | B9: =+B8+1 -> 11 | C9: =+C8+1 -> 9 | E9: 14 | F9: =IFERROR(VLOOKUP($E9,Taxonomia!$B:$C,2,0),0) -> INVENTARIO | G9: =IFERROR(VLOOKUP(E9,Consolidados!$A:$D,#REF!,0),0) -> 0 | H9: =IFERROR(VLOOKUP(E9,Consolidados!$A:$D,#REF!-1,0),0) -> 0 | I9: =+G9-H9 -> 0 | J9: Operación
A10: Octubre | B10: =+B9+1 -> 12 | C10: =+C9+1 -> 10 | E10: 15 | F10: =IFERROR(VLOOKUP($E10,Taxonomia!$B:$C,2,0),0) -> PROPIEDADES PLANTA Y EQUIPO | G10: =IFERROR(VLOOKUP(E10,Consolidados!$A:$D,#REF!,0),0) -> 0 | H10: =IFERROR(VLOOKUP(E10,Consolidados!$A:$D,#REF!-1,0),0) -> 0 | I10: =+G10-H10 -> 0 | J10: Inversión
A11: Noviembre | B11: =+B10+1 -> 13 | C11: =+C10+1 -> 11 | E11: 16 | F11: =IFERROR(VLOOKUP($E11,Taxonomia!$B:$C,2,0),0) -> INTANGIBLES | G11: =IFERROR(VLOOKUP(E11,Consolidados!$A:$D,#REF!,0),0) -> 0 | H11: =IFERROR(VLOOKUP(E11,Consolidados!$A:$D,#REF!-1,0),0) -> 0 | I11: =+G11-H11 -> 0 | J11: Inversión
A12: Diciembre | B12: =+B11+1 -> 14 | C12: =+C11+1 -> 12 | E12: 17 | F12: =IFERROR(VLOOKUP($E12,Taxonomia!$B:$C,2,0),0) -> 0 | G12: =IFERROR(VLOOKUP(E12,Consolidados!$A:$D,#REF!,0),0) -> 0 | H12: =IFERROR(VLOOKUP(E12,Consolidados!$A:$D,#REF!-1,0),0) -> 0 | I12: =+G12-H12 -> 0 | J12: Inversión
E13: 18 | F13: =IFERROR(VLOOKUP($E13,Taxonomia!$B:$C,2,0),0) -> 0 | G13: =IFERROR(VLOOKUP(E13,Consolidados!$A:$D,#REF!,0),0) -> 0 | H13: =IFERROR(VLOOKUP(E13,Consolidados!$A:$D,#REF!-1,0),0) -> 0 | I13: =+G13-H13 -> 0 | J13: Inversión
E14: 19 | F14: =IFERROR(VLOOKUP($E14,Taxonomia!$B:$C,2,0),0) -> 0 | G14: =IFERROR(VLOOKUP(E14,Consolidados!$A:$D,#REF!,0),0) -> 0 | H14: =IFERROR(VLOOKUP(E14,Consolidados!$A:$D,#REF!-1,0),0) -> 0 | I14: =+G14-H14 -> 0 | J14: Inversión
E15: 21 | F15: =IFERROR(VLOOKUP($E15,Taxonomia!$B:$C,2,0),0) -> 0 | G15: =IFERROR(VLOOKUP(E15,Consolidados!$A:$D,#REF!,0),0) -> 0 | H15: =IFERROR(VLOOKUP(E15,Consolidados!$A:$D,#REF!-1,0),0) -> 0 | I15: =+G15-H15 -> 0 | J15: Financiación
A16: 11 | B16: =VLOOKUP($A16,Taxonomia!$B:$C,2,0) -> CAJA | C16: =+VLOOKUP(A16,Consolidados!$A:$D,#REF!,0) -> #REF! | E16: 22 | F16: =IFERROR(VLOOKUP($E16,Taxonomia!$B:$C,2,0),0) -> PROVEEDORES | G16: =IFERROR(VLOOKUP(E16,Consolidados!$A:$D,#REF!,0),0) -> 0 | H16: =IFERROR(VLOOKUP(E16,Consolidados!$A:$D,#REF!-1,0),0) -> 0 | I16: =+G16-H16 -> 0 | J16: Operación
A17: 13 | B17: =VLOOKUP($A17,Taxonomia!$B:$C,2,0) -> DEUDORES | C17: =+VLOOKUP(A17,Consolidados!$A:$D,#REF!,0) -> #REF! | E17: 23 | F17: =IFERROR(VLOOKUP($E17,Taxonomia!$B:$C,2,0),0) -> CUENTAS POR PAGAR | G17: =IFERROR(VLOOKUP(E17,Consolidados!$A:$D,#REF!,0),0) -> 0 | H17: =IFERROR(VLOOKUP(E17,Consolidados!$A:$D,#REF!-1,0),0) -> 0 | I17: =+G17-H17 -> 0 | J17: Operación
A18: 14 | B18: =VLOOKUP($A18,Taxonomia!$B:$C,2,0) -> INVENTARIO | C18: =+VLOOKUP(A18,Consolidados!$A:$D,#REF!,0) -> #REF! | E18: 24 | F18: =IFERROR(VLOOKUP($E18,Taxonomia!$B:$C,2,0),0) -> IMPUESTOS GRAVAMENES Y TASAS | G18: =IFERROR(VLOOKUP(E18,Consolidados!$A:$D,#REF!,0),0) -> 0 | H18: =IFERROR(VLOOKUP(E18,Consolidados!$A:$D,#REF!-1,0),0) -> 0 | I18: =+G18-H18 -> 0 | J18: Operación
A19: 15 | B19: =VLOOKUP($A19,Taxonomia!$B:$C,2,0) -> PROPIEDADES PLANTA Y EQUIPO | C19: =+VLOOKUP(A19,Consolidados!$A:$D,#REF!,0) -> #REF! | E19: 25 | F19: =IFERROR(VLOOKUP($E19,Taxonomia!$B:$C,2,0),0) -> OBLIGACIONES LABORALES | G19: =IFERROR(VLOOKUP(E19,Consolidados!$A:$D,#REF!,0),0) -> 0 | H19: =IFERROR(VLOOKUP(E19,Consolidados!$A:$D,#REF!-1,0),0) -> 0 | I19: =+G19-H19 -> 0 | J19: Operación
A20: 16 | B20: =VLOOKUP($A20,Taxonomia!$B:$C,2,0) -> INTANGIBLES | C20: =+VLOOKUP(A20,Consolidados!$A:$D,#REF!,0) -> #REF! | E20: 26 | F20: =IFERROR(VLOOKUP($E20,Taxonomia!$B:$C,2,0),0) -> 0 | G20: =IFERROR(VLOOKUP(E20,Consolidados!$A:$D,#REF!,0),0) -> 0 | H20: =IFERROR(VLOOKUP(E20,Consolidados!$A:$D,#REF!-1,0),0) -> 0 | I20: =+G20-H20 -> 0 | J20: Operación
E21: 27 | F21: =IFERROR(VLOOKUP($E21,Taxonomia!$B:$C,2,0),0) -> IMPUESTOS DIFERIDOS | G21: =IFERROR(VLOOKUP(E21,Consolidados!$A:$D,#REF!,0),0) -> 0 | H21: =IFERROR(VLOOKUP(E21,Consolidados!$A:$D,#REF!-1,0),0) -> 0 | I21: =+G21-H21 -> 0 | J21: Operación
E22: 28 | F22: =IFERROR(VLOOKUP($E22,Taxonomia!$B:$C,2,0),0) -> OTROS PASIVOS | G22: =IFERROR(VLOOKUP(E22,Consolidados!$A:$D,#REF!,0),0) -> 0 | H22: =IFERROR(VLOOKUP(E22,Consolidados!$A:$D,#REF!-1,0),0) -> 0 | I22: =+G22-H22 -> 0 | J22: Operación
A23: 1 | B23: Activo | C23: =+VLOOKUP(A23,Consolidados!$A:$D,#REF!,0) -> #REF! | E23: 29 | F23: =IFERROR(VLOOKUP($E23,Taxonomia!$B:$C,2,0),0) -> 0 | G23: =IFERROR(VLOOKUP(E23,Consolidados!$A:$D,#REF!,0),0) -> 0 | H23: =IFERROR(VLOOKUP(E23,Consolidados!$A:$D,#REF!-1,0),0) -> 0 | I23: =+G23-H23 -> 0 | J23: Operación
A24: 2 | B24: Pasivo | C24: =+VLOOKUP(A24,Consolidados!$A:$D,#REF!,0) -> #REF! | E24: 31 | F24: =IFERROR(VLOOKUP($E24,Taxonomia!$B:$C,2,0),0) -> CAPITAL SOCIAL | G24: =IFERROR(VLOOKUP(E24,Consolidados!$A:$D,#REF!,0),0) -> 0 | H24: =IFERROR(VLOOKUP(E24,Consolidados!$A:$D,#REF!-1,0),0) -> 0 | I24: =+G24-H24 -> 0 | J24: Financiación
A25: 3 | B25: Patrimonio | C25: =+VLOOKUP(A25,Consolidados!$A:$D,#REF!,0) -> #REF! | E25: 32 | F25: =IFERROR(VLOOKUP($E25,Taxonomia!$B:$C,2,0),0) -> 0 | G25: =IFERROR(VLOOKUP(E25,Consolidados!$A:$D,#REF!,0),0) -> 0 | H25: =IFERROR(VLOOKUP(E25,Consolidados!$A:$D,#REF!-1,0),0) -> 0 | I25: =+G25-H25 -> 0 | J25: Financiación
E26: 33 | F26: =IFERROR(VLOOKUP($E26,Taxonomia!$B:$C,2,0),0) -> RESERVAS | G26: =IFERROR(VLOOKUP(E26,Consolidados!$A:$D,#REF!,0),0) -> 0 | H26: =IFERROR(VLOOKUP(E26,Consolidados!$A:$D,#REF!-1,0),0) -> 0 | I26: =+G26-H26 -> 0 | J26: Financiación
A27: 4 | B27: Ingresos | C27: =+VLOOKUP(A27,Consolidados!$A:$D,#REF!,0) -> #REF! | E27: 34 | F27: =IFERROR(VLOOKUP($E27,Taxonomia!$B:$C,2,0),0) -> 0 | G27: =IFERROR(VLOOKUP(E27,Consolidados!$A:$D,#REF!,0),0) -> 0 | H27: =IFERROR(VLOOKUP(E27,Consolidados!$A:$D,#REF!-1,0),0) -> 0 | I27: =+G27-H27 -> 0 | J27: Financiación
A28: 6 | B28: Costos | C28: =IFERROR(VLOOKUP(#REF!,Consolidados!$A:$D,#REF!,0),0)+IFERROR(VLOOKUP(A28,Consolidados!$A:$D,#REF!,0),0) -> 0 | E28: 35 | F28: =IFERROR(VLOOKUP($E28,Taxonomia!$B:$C,2,0),0) -> 0 | G28: =IFERROR(VLOOKUP(E28,Consolidados!$A:$D,#REF!,0),0) -> 0 | H28: =IFERROR(VLOOKUP(E28,Consolidados!$A:$D,#REF!-1,0),0) -> 0 | I28: =+G28-H28 -> 0 | J28: Financiación
A29: 5 | B29: Gastos | C29: =+VLOOKUP(A29,Consolidados!$A:$D,#REF!,0) -> #REF! | E29: 36 | F29: =IFERROR(VLOOKUP($E29,Taxonomia!$B:$C,2,0),0) -> 0 | G29: =IFERROR(VLOOKUP(E29,Consolidados!$A:$D,#REF!,0),0) -> 0 | H29: =IFERROR(VLOOKUP(E29,Consolidados!$A:$D,#REF!-1,0),0) -> 0 | I29: =+G29-H29 -> 0 | J29: Financiación
B30: Utilidad | C30: =+C27-C28-C29 -> #REF! | E30: 37 | F30: =IFERROR(VLOOKUP($E30,Taxonomia!$B:$C,2,0),0) -> RESULTADOS DE EJERCICIOS ANTERIORES | G30: =IFERROR(VLOOKUP(E30,Consolidados!$A:$D,#REF!,0),0) -> 0 | H30: =IFERROR(VLOOKUP(E30,Consolidados!$A:$D,#REF!-1,0),0) -> 0 | I30: =+G30-H30 -> 0 | J30: Financiación
F31: Utilidad | G31: =+G32-G33-G34-G35 -> 0 | H31: =+H32-H33-H34-H35 -> 0 | I31: =+I32-I33-I34-I35 -> 0 | J31: Operación
A32: 22 | B32: =VLOOKUP($A32,Taxonomia!$B:$C,2,0) -> PROVEEDORES | C32: =+VLOOKUP(A32,Consolidados!$A:$D,#REF!,0) -> #REF! | E32: 4 | F32: =IFERROR(VLOOKUP($E32,Taxonomia!$B:$C,2,0),0) -> Ingresos | G32: =IFERROR(VLOOKUP(E32,Consolidados!$A:$D,#REF!,0),0) -> 0 | H32: =IFERROR(VLOOKUP(E32,Consolidados!$A:$D,#REF!-1,0),0) -> 0 | I32: =+G32-H32 -> 0 | J32: Financiación
A33: 23 | B33: =VLOOKUP($A33,Taxonomia!$B:$C,2,0) -> CUENTAS POR PAGAR | C33: =+VLOOKUP(A33,Consolidados!$A:$D,#REF!,0) -> #REF! | E33: 5 | F33: =IFERROR(VLOOKUP($E33,Taxonomia!$B:$C,2,0),0) -> Gastos | G33: =IFERROR(VLOOKUP(E33,Consolidados!$A:$D,#REF!,0),0) -> 0 | H33: =IFERROR(VLOOKUP(E33,Consolidados!$A:$D,#REF!-1,0),0) -> 0 | I33: =+G33-H33 -> 0 | J33: Financiación
A34: 24 | B34: IMPUESTOS | C34: =+VLOOKUP(A34,Consolidados!$A:$D,#REF!,0) -> #REF! | E34: 6 | F34: =IFERROR(VLOOKUP($E34,Taxonomia!$B:$C,2,0),0) -> Costos | G34: =IFERROR(VLOOKUP(E34,Consolidados!$A:$D,#REF!,0),0) -> 0 | H34: =IFERROR(VLOOKUP(E34,Consolidados!$A:$D,#REF!-1,0),0) -> 0 | I34: =+G34-H34 -> 0 | J34: Financiación
A35: 25 | B35: BENEFICIOS A LOS EMPLEADOS | C35: =+VLOOKUP(A35,Consolidados!$A:$D,#REF!,0) -> #REF! | E35: 7 | F35: =IFERROR(VLOOKUP($E35,Taxonomia!$B:$C,2,0),0) -> Costos de produccion | G35: =IFERROR(VLOOKUP(E35,Consolidados!$A:$D,#REF!,0),0) -> 0 | H35: =IFERROR(VLOOKUP(E35,Consolidados!$A:$D,#REF!-1,0),0) -> 0 | I35: =+G35-H35 -> 0 | J35: Financiación
A36: 27 | B36: =VLOOKUP($A36,Taxonomia!$B:$C,2,0) -> IMPUESTOS DIFERIDOS | C36: =+VLOOKUP(A36,Consolidados!$A:$D,#REF!,0) -> #REF!
A37: 28 | B37: =VLOOKUP($A37,Taxonomia!$B:$C,2,0) -> OTROS PASIVOS | C37: =+VLOOKUP(A37,Consolidados!$A:$D,#REF!,0) -> #REF!
E38: 54 | F38: =IFERROR(VLOOKUP($E38,Taxonomia!$B:$C,2,0),0) -> IMPUESTO DE RENTA Y COMPLEMENTARIOS | G38: =IFERROR(VLOOKUP(E38,Consolidados!$A:$D,#REF!,0),0) -> 0
E39: 5160 | F39: =IFERROR(VLOOKUP($E39,Taxonomia!$B:$C,2,0),0) -> DEPRECIACIONES | G39: =IFERROR(VLOOKUP(E39,Consolidados!$A:$D,#REF!,0),0) -> 0
A40: 4120 | B40: =VLOOKUP($A40,Taxonomia!$B:$C,2,0) -> INDUSTRIA MANUFACTURERA | C40: =+VLOOKUP(A40,Consolidados!$A:$D,#REF!,0) -> #REF!
A41: 4135 | B41: =VLOOKUP($A41,Taxonomia!$B:$C,2,0) -> COMERCIO AL POR MAYOR Y AL POR MENOR | C41: =+VLOOKUP(A41,Consolidados!$A:$D,#REF!,0) -> #REF! | G41: =+SUM(G6:G14)-SUM(G15:G31) -> 0 | H41: =+SUM(H6:H14)-SUM(H15:H31) -> 0 | I41: =+SUM(I6:I14)-SUM(I15:I31) -> 0
A42: 4155 | B42: =VLOOKUP($A42,Taxonomia!$B:$C,2,0) -> ACTIVIDADES CONEXAS | C42: =+VLOOKUP(A42,Consolidados!$A:$D,#REF!,0) -> #REF! | F42: Actividades de operación | G42: =+#REF! -> #REF!
A43: 42 | B43: =VLOOKUP($A43,Taxonomia!$B:$C,2,0) -> NO OPERACIONALES | C43: =+VLOOKUP(A43,Consolidados!$A:$D,#REF!,0) -> #REF! | F43: Actividades de inversión | G43: =+#REF! -> #REF!
F44: Actividades de financiación | G44: =+#REF! -> #REF!
A45: 51 | B45: =VLOOKUP($A45,Taxonomia!$B:$C,2,0) -> GASTOS DE ADMINISTRACION | C45: =+VLOOKUP(A45,Consolidados!$A:$D,#REF!,0) -> #REF!
A46: 52 | B46: =VLOOKUP($A46,Taxonomia!$B:$C,2,0) -> OPERACIONALES DE VENTAS | C46: =+VLOOKUP(A46,Consolidados!$A:$D,#REF!,0) -> #REF!
A47: 53 | B47: =VLOOKUP($A47,Taxonomia!$B:$C,2,0) -> NO OPERACIONALLES | C47: =+VLOOKUP(A47,Consolidados!$A:$D,#REF!,0) -> #REF!
A48: 54 | B48: =VLOOKUP($A48,Taxonomia!$B:$C,2,0) -> IMPUESTO DE RENTA Y COMPLEMENTARIOS | C48: =+VLOOKUP(A48,Consolidados!$A:$D,#REF!,0) -> #REF!
A49: 6 | B49: COSTOS | C49: =+VLOOKUP(A49,Consolidados!$A:$D,#REF!,0)+VLOOKUP(A50,Consolidados!$A:$D,#REF!,0) -> #REF!
A50: 7 | B50: =VLOOKUP($A50,Taxonomia!$B:$C,2,0) -> Costos de produccion

Sheet Balances
A1: ENERO | G1: FEBRERO
A2: CUENTA | B2: D E S C R I P C I O N | C2: SALDO INICIAL | D2: DEBITOS | E2: CREDITOS | F2: NUEVO SALDO | G2: CUENTA | H2: D E S C R I P C I O N | I2: SALDO INICIAL | J2: DEBITOS | K2: CREDITOS | L2: NUEVO SALDO
A3: 1 | B3: Activo | C3: =(C4+C21+C47+C60+C93)*2 -> 2.4004746e+10 | D3: =(D4+D21+D47+D60+D93)*2 -> 1.3015519e+10 | E3: =(E4+E21+E47+E60+E93)*2 -> 1.2269496e+10 | F3: =(F4+F21+F47+F60+F93)*2 -> 2.4750769e+10 | G3: 1 | H3: Activo | I3: =(I4+I21+I48+I61+I94)*2 -> 2.4750769e+10 | J3: =(J4+J21+J48+J61+J94)*2 -> 1.0353118e+10 | K3: =(K4+K21+K48+K61+K94)*2 -> 9.3323053e+09 | L3: =(L4+L21+L48+L61+L94)*2 -> 2.5771582e+10
A4: 11 | B4: CAJA | C4: 2.7344733e+09 | D4: 4.3495754e+09 | E4: 4.4425175e+09 | F4: 2.6415312e+09 | G4: 11 | H4: CAJA | I4: 2.6415312e+09 | J4: 2.9685674e+09 | K4: 2.9368928e+09 | L4: 2.6732059e+09
A5: 1105 | B5: CAJA | C5: 38489054 | D5: 1445879622 | E5: 1462509082 | F5: 21859594 | G5: 1105 | H5: CAJA | I5: 21859594 | J5: 1.5793693e+09 | K5: 1.5211304e+09 | L5: 80098566
A6: 110505 | B6: CAJA GENERAL | C6: 8887884.5 | D6: 1425419622 | E6: 1432772332 | F6: 1535174.5 | G6: 110505 | H6: CAJA GENERAL | I6: 1535174.5 | J6: 1.4742036e+09 | K6: 1.4688764e+09 | L6: 6862466.5
A7: 110510 | B7: CAJA MENOR BOGOTA | C7: 2200000 | D7: 0 | E7: 0 | F7: 2200000 | G7: 110510 | H7: CAJA MENOR BOGOTA | I7: 2200000 | J7: 0 | K7: 0 | L7: 2200000
A8: 110520 | B8: MONEDA EXTRAJERA DOLARES | C8: 27401170 | D8: 20460000 | E8: 29736750 | F8: 18124420 | G8: 110520 | H8: MONEDA EXTRAJERA DOLARES | I8: 18124420 | J8: 105165700 | K8: 52254020 | L8: 71036100
A9: 1110 | B9: BANCOS | C9: 26792204 | D9: 35440194 | E9: 43283459 | F9: 18948939 | G9: 1110 | H9: BANCOS | I9: 18948939 | J9: 7635640 | K9: 19544816 | L9: 7039763.3
A10: 111005 | B10: MONEDA NACIONAL | C10: 26792204 | D10: 35440194 | E10: 43283459 | F10: 18948939 | G10: 111005 | H10: MONEDA NACIONAL | I10: 18948939 | J10: 7635640 | K10: 19544816 | L10: 7039763.3
A11: 11100512 | B11: DAVIVIENDA CTA CTE | C11: 26792204 | D11: 35440194 | E11: 43283459 | F11: 18948939 | G11: 11100512 | H11: DAVIVIENDA CTA CTE | I11: 18948939 | J11: 7635640 | K11: 19544816 | L11: 7039763.3
A12: 1120 | B12: CUENTAS DE AHORROS | C12: 84775664 | D12: 2.0659756e+09 | E12: 2.1154166e+09 | F12: 35334703 | G12: 1120 | H12: CUENTAS DE AHORROS | I12: 35334703 | J12: 1.3259059e+09 | K12: 1.094543e+09 | L12: 2.6669752e+08
A13: 112005 | B13: BANCOS | C13: 84775664 | D13: 2.0659756e+09 | E13: 2.1154166e+09 | F13: 35334703 | G13: 112005 | H13: BANCOS | I13: 35334703 | J13: 1.3259059e+09 | K13: 1.094543e+09 | L13: 2.6669752e+08
A14: 11200502 | B14: DAVIVIENDA AHORROS | C14: 84775664 | D14: 2.0659756e+09 | E14: 2.1154166e+09 | F14: 35334703 | G14: 11200502 | H14: DAVIVIENDA AHORROS | I14: 35334703 | J14: 1.3259059e+09 | K14: 1.094543e+09 | L14: 2.6669752e+08
A15: 1130 | B15: FIDEICOMISOS | C15: 2.5844164e+09 | D15: 8.0227996e+08 | E15: 8.2130837e+08 | F15: 2.565388e+09 | G15: 1130 | H15: FIDEICOMISOS | I15: 2.565388e+09 | J15: 55656569 | K15: 3.0167455e+08 | L15: 2.31937e+09
... A98: 169801 | B98: LICENCIA SOFTWARW | C98: -45611334 | D98: 0 | E98: 0 | F98: -45611334 | G98: 1698 | H98: DEPRECIACION Y/O AMORTIZACION ACUMULADA | I98: -45611334 | J98: 0 | K98: 0 | L98: -45611334
A99: 2 | B99: Pasivo | C99: =(C100+C107+C155+C169+C183+C186)*2 -> -9.8312264e+09 | D99: =(D100+D107+D155+D169+D183+D186)*2 -> 2.7271082e+09 | E99: =(E100+E107+E155+E169+E183+E186)*2 -> 3.9363914e+09 | F99: =(F100+F107+F155+F169+F183+F186)*2 -> -1.104051e+10 | G99: 169801 | H99: LICENCIA SOFTWARW | I99: -45611334 | J99: 0 | K99: 0 | L99: -45611334
A100: 22 | B100: PROVEEDORES | C100: -635081090 | D100: 438067858 | E100: 3.126889e+08 | F100: -5.0970213e+08 | G100: 2 | H100: Pasivo | I100: =(I101+I108+I158+I171+I184+I187)*2 -> -1.104051e+10 | J100: =(J101+J108+J158+J171+J184+J187)*2 -> 2.9252221e+09 | K100: =(K101+K108+K158+K171+K184+K187)*2 -> 4.4409101e+09 | L100: =(L101+L108+L158+L171+L184+L187)*2 -> -1.2556198e+10
A101: 2205 | B101: NACIONALES | C101: -424019784 | D101: 325087780 | E101: 219471146 | F101: -318403150 | G101: 22 | H101: PROVEEDORES | I101: -5.0970213e+08 | J101: 3.2303355e+08 | K101: 803909994 | L101: -990578580
A102: 220505 | B102: PROVEEDORES NACIONALES | C102: -424019784 | D102: 325087780 | E102: 219471146 | F102: -318403150 | G102: 2205 | H102: NACIONALES | I102: -318403150 | J102: 137061692 | K102: 351261298 | L102: -532602756
A103: 22050502 | B103: PROVEEDORES NACIONALES | C103: -424019784 | D103: 325087780 | E103: 219471146 | F103: -318403150 | G103: 220505 | H103: PROVEEDORES NACIONALES | I103: -318403150 | J103: 137061692 | K103: 351261298 | L103: -532602756
A104: 2210 | B104: DEL EXTERIOR | C104: -211061306 | D104: 112980078 | E104: 93217755 | F104: -1.9129898e+08 | G104: 22050502 | H104: PROVEEDORES NACIONALES | I104: -318403150 | J104: 137061692 | K104: 351261298 | L104: -532602756
A105: 221001 | B105: PROVEEDORES DEL EXTERIOR | C105: -211061306 | D105: 112980078 | E105: 93217755 | F105: -1.9129898e+08 | G105: 2210 | H105: DEL EXTERIOR | I105: -1.9129898e+08 | J105: 1.8597185e+08 | K105: 452648696 | L105: -457975824
A106: 22100102 | B106: PROVEED. EXT | C106: -211061306 | D106: 112980078 | E106: 93217755 | F106: -1.9129898e+08 | G106: 221001 | H106: PROVEEDORES DEL EXTERIOR | I106: -1.9129898e+08 | J106: 1.8597185e+08 | K106: 452648696 | L106: -457975824
A107: 23 | B107: CUENTAS POR PAGAR | C107: -521305252 | D107: 4.941139e+08 | E107: 4.0687297e+08 | F107: -434064320 | G107: 22100102 | H107: PROVEED. EXT | I107: -1.9129898e+08 | J107: 1.8597185e+08 | K107: 452648696 | L107: -457975824
A108: 2335 | B108: COSTOS Y GASTOS POR PAGAR | C108: -319738652 | D108: 2.5845648e+08 | E108: 2.4715232e+08 | F108: -308434494 | G108: 23 | H108: CUENTAS POR PAGAR | I108: -434064320 | J108: 438680570 | K108: 383790890 | L108: -379174640
A109: 233570 | B109: SERVICIOS ADUANEROS | C109: -23792000 | D109: 0 | E109: 19664000 | F109: -43456000 | G109: 2335 | H109: COSTOS Y GASTOS POR PAGAR | I109: -308434494 | J109: 281782288 | K109: 254049094 | L109: -280701300
A110: 233595 | B110: OTROS | C110: -295946652 | D110: 2.5845648e+08 | E110: 2.2748832e+08 | F110: -264978494 | G110: 233570 | H110: SERVICIOS ADUANEROS | I110: -43456000 | J110: 36060000 | K110: 23118000 | L110: -30514000
A111: 23359502 | B111: OTROS | C111: -280797506 | D111: 2.4429119e+08 | E111: 1.8474118e+08 | F111: -221247496 | G111: 233595 | H111: OTROS | I111: -264978494 | J111: 245722288 | K111: 230931094 | L111: -250187300
A112: 23359599 | B112: PROVISION INV POR FACTURAR | C112: -15149146 | D112: 14165284 | E112: 42747136 | F112: -43730998 | G112: 23359502 | H112: OTROS | I112: -221247496 | J112: 204733270 | K112: 217228986 | L112: -233743212
... A190: 283010 | B190: DEPOSITOS JUDICIALES | C190: -1126984 | D190: 1126984 | E190: 590720 | F190: -590720 | G190: 2830 | H190: EMBARGOS JUDICIALES | I190: -590720 | J190: 590722 | K190: 602080 | L190: -602078
A191: 3 | B191: Patrimonio | C191: =(C192+C196+C199)*2 -> -1.417352e+10 | D191: =(D192+D196+D199)*2 -> 0 | E191: =(E192+E196+E199)*2 -> 0 | F191: =(F192+F196+F199)*2 -> -1.417352e+10 | G191: 283010 | H191: DEPOSITOS JUDICIALES | I191: -590720 | J191: 590722 | K191: 602080 | L191: -602078
A192: 31 | B192: CAPITAL SOCIAL | C192: -400000000 | D192: 0 | E192: 0 | F192: -400000000 | G192: 3 | H192: Patrimonio | I192: =(I193+I197+I200)*2 -> -1.417352e+10 | J192: =(J193+J197+J200)*2 -> 0 | K192: =(K193+K197+K200)*2 -> 0 | L192: =(L193+L197+L200)*2 -> -1.417352e+10
A193: 3105 | B193: CAPITAL SUSCRITO Y PAGADO | C193: -400000000 | D193: 0 | E193: 0 | F193: -400000000 | G193: 31 | H193: CAPITAL SOCIAL | I193: -400000000 | J193: 0 | K193: 0 | L193: -400000000
A194: 310505 | B194: CAPITAL AUTORIZADO | C194: -800000000 | D194: 0 | E194: 0 | F194: -800000000 | G194: 3105 | H194: CAPITAL SUSCRITO Y PAGADO | I194: -400000000 | J194: 0 | K194: 0 | L194: -400000000
A195: 310515 | B195: CAPITAL SUSCRITO POR COBRAR (DB) | C195: 400000000 | D195: 0 | E195: 0 | F195: 400000000 | G195: 310505 | H195: CAPITAL AUTORIZADO | I195: -800000000 | J195: 0 | K195: 0 | L195: -800000000
A196: 33 | B196: RESERVAS | C196: -2.8599153e+08 | D196: 0 | E196: 0 | F196: -2.8599153e+08 | G196: 310515 | H196: CAPITAL SUSCRITO POR COBRAR (DB) | I196: 400000000 | J196: 0 | K196: 0 | L196: 400000000
A197: 3305 | B197: RESERVAS OBLIGATORIAS | C197: -2.8599153e+08 | D197: 0 | E197: 0 | F197: -2.8599153e+08 | G197: 33 | H197: RESERVAS | I197: -2.8599153e+08 | J197: 0 | K197: 0 | L197: -2.8599153e+08
A198: 330505 | B198: RESERVA LEGAL | C198: -2.8599153e+08 | D198: 0 | E198: 0 | F198: -2.8599153e+08 | G198: 3305 | H198: RESERVAS OBLIGATORIAS | I198: -2.8599153e+08 | J198: 0 | K198: 0 | L198: -2.8599153e+08
A199: 37 | B199: RESULTADOS DE EJERCICIOS ANTERIORES | C199: -6.4007683e+09 | D199: 0 | E199: 0 | F199: -6.4007683e+09 | G199: 330505 | H199: RESERVA LEGAL | I199: -2.8599153e+08 | J199: 0 | K199: 0 | L199: -2.8599153e+08
A200: 3705 | B200: UTILIDADES O EXCEDENTES ACUMULADOS | C200: -5.5630931e+09 | D200: 0 | E200: 0 | F200: -5.5630931e+09 | G200: 37 | H200: RESULTADOS DE EJERCICIOS ANTERIORES | I200: -6.4007683e+09 | J200: 0 | K200: 0 | L200: -6.4007683e+09
A201: 3710 | B201: PERDIDAS ACUMULADAS | C201: 1.7203561e+09 | D201: 0 | E201: 0 | F201: 1.7203561e+09 | G201: 3705 | H201: UTILIDADES O EXCEDENTES ACUMULADOS | I201: -5.5630931e+09 | J201: 0 | K201: 0 | L201: -5.5630931e+09
A202: 371001 | B202: PERDIDAS AÑO 2011 | C202: 1.647273e+09 | D202: 0 | E202: 0 | F202: 1.647273e+09 | G202: 370502 | H202: UTILIDAD AÑO 2000 | I202: -39392758 | J202: 0 | K202: 0 | L202: -39392758
A203: 371002 | B203: PERDIDA AÑO 2014 | C203: 73083082 | D203: 0 | E203: 0 | F203: 73083082 | G203: 370503 | H203: UTILIDAD AÑO 2001 | I203: -56414771 | J203: 0 | K203: 0 | L203: -56414771
A204: 3711 | B204: AJUSTES DE OPCION POR PRIMERA VEZ | C204: -2.5580313e+09 | D204: 0 | E204: 0 | F204: -2.5580313e+09 | G204: 370504 | H204: UTILIDAD A¥O 2002 | I204: -102434490 | J204: 0 | K204: 0 | L204: -102434490
A205: 371105 | B205: AJUSTES DE OPCION POR PRIMERA VEZ | C205: -2.5580313e+09 | D205: 0 | E205: 0 | F205: -2.5580313e+09 | G205: 370505 | H205: UTILIDAD A¥O 2003 | I205: -30497271 | J205: 0 | K205: 0 | L205: -30497271
A206: 4 | B206: Ingresos | C206: =(C207+C217)*2 -> 0 | D206: =(D207+D217)*2 -> 1782112.2 | E206: =(E207+E217)*2 -> 1.1266754e+09 | F206: =(F207+F217)*2 -> -1.085808e+10 | G206: 370506 | H206: UTILIDAD AÑO 2004 | I206: -2.1452829e+08 | J206: 0 | K206: 0 | L206: -2.1452829e+08
A207: 41 | B207: OPERACIONALES | C207: 0 | D207: 891056.1 | E207: 5.4162363e+08 | F207: -5.4073258e+09 | G207: 370507 | H207: UTILIDAD AÑO 2005 | I207: -91162209 | J207: 0 | K207: 0 | L207: -91162209
A208: 4135 | B208: COMERCIO AL POR MAYOR Y AL POR MENOR | C208: 0 | D208: 331056.1 | E208: 1.7373956e+08 | F208: -1.734085e+08 | G208: 370508 | H208: UTILIDAD AÑO 2006 | I208: -1.6663052e+08 | J208: 0 | K208: 0 | L208: -1.6663052e+08
A209: 413501 | B209: COMERCIO AL POR MAYOR Y AL POR MENOR | C209: 0 | D209: 166919.04 | E209: 166919.04 | F209: 0 | G209: 370509 | H209: UTILIDAD AÑO 2007 | I209: -221452236 | J209: 0 | K209: 0 | L209: -221452236
A210: 413520 | B210: COMERCIO MATERIA PRIMA NACIONAL | C210: 0 | D210: 108497.38 | E210: 69880805 | F210: -69772308 | G210: 370510 | H210: UTILIDAD AÑO 2008 | I210: -62350967 | J210: 0 | K210: 0 | L210: -62350967
A211: 413521 | B211: COMERCIO MATERIA PRIMA IMPORTADA | C211: 0 | D211: 55639.68 | E211: 1.0369183e+08 | F211: -1.0363619e+08 | G211: 370511 | H211: UTILIDAD AÑO 2009 | I211: -1.0346123e+08 | J211: 0 | K211: 0 | L211: -1.0346123e+08
A212: 4155 | B212: ACTIVIDADES CONEXAS | C212: 0 | D212: 0 | E212: 367884078 | F212: -367884078 | G212: 370512 | H212: UTILIDAD AÑO 2010 | I212: -32373804 | J212: 0 | K212: 0 | L212: -32373804
A213: 415590 | B213: MANTENIMIENTO Y REPARACION DE MAQUINARIA Y EQUIPO | C213: 0 | D213: 0 | E213: 367884078 | F213: -367884078 | G213: 370513 | H213: UTILIDAD AÑO 2013 | I213: -8.0991065e+08 | J213: 0 | K213: 0 | L213: -8.0991065e+08
A214: 41559002 | B214: MANTENIMIENTO Y REPARACION DE MAQUINARIA Y EQUIPO | C214: 0 | D214: 0 | E214: 367884078 | F214: -367884078 | G214: 370514 | H214: UTILIDAD AÑO 2014 | I214: -5.0349281e+08 | J214: 0 | K214: 0 | L214: -5.0349281e+08
A215: 4175 | B215: DEVOLUCIONES EN VENTAS (DB) | C215: 0 | D215: 560000 | E215: 0 | F215: 560000 | G215: 370516 | H215: UTILIDAD AÑO 2015 | I215: -5.8090796e+08 | J215: 0 | K215: 0 | L215: -5.8090796e+08
A216: 417521 | B216: DEVOL. MATERIA PRIMA IMPORTADA | C216: 0 | D216: 560000 | E216: 0 | F216: 560000 | G216: 370517 | H216: UTILIDAD AÑO 2016 | I216: -9.8954402e+08 | J216: 0 | K216: 0 | L216: -9.8954402e+08
A217: 42 | B217: NO OPERACIONALES | C217: 0 | D217: 0 | E217: 21714070 | F217: -21714070 | G217: 370518 | H217: UTILIDAD AÑO 2017 | I217: -5.3215778e+08 | J217: 0 | K217: 0 | L217: -5.3215778e+08
A218: 4205 | B218: OTRAS VENTAS | C218: 0 | D218: 0 | E218: 1972941.5 | F218: -1972941.5 | G218: 370519 | H218: UTILIDAD AÑO 2018 | I218: -5.0980488e+08 | J218: 0 | K218: 0 | L218: -5.0980488e+08
... A224: 4235 | B224: SERRVICIOS | C224: 0 | D224: 0 | E224: 410000 | F224: -410000 | G224: 371105 | H224: AJUSTES DE OPCION POR PRIMERA VEZ | I224: -2.5580313e+09 | J224: 0 | K224: 0 | L224: -2.5580313e+09
A225: 423580 | B225: FLETES | C225: 0 | D225: 0 | E225: 410000 | F225: -410000 | G225: 4 | H225: Ingresos | I225: =(I226+I241)*2 -> -1.1248933e+09 | J225: =(J226+J241)*2 -> 3.3864353e+08 | K225: =(K226+K241)*2 -> 1.5536324e+09 | L225: =(L226+L241)*2 -> -2.3398821e+09
A226: 4250 | B226: RECUPERACIONES | C226: 0 | D226: 0 | E226: 2080 | F226: -2080 | G226: 41 | H226: OPERACIONALES | I226: -5.4073258e+08 | J226: 1.6932177e+08 | K226: 6.2590143e+08 | L226: -9.9731225e+08
A227: 425030 | B227: DESCUENTOS CONCEDIDOS | C227: 0 | D227: 0 | E227: 2080 | F227: -2080 | G227: 4120 | H227: INDUSTRIA MANUFACTURERA | I227: 0 | J227: 0 | K227: 30843415 | L227: -30843415
A228: 4255 | B228: INDEMINIZACIONES | C228: 0 | D228: 0 | E228: 1852102 | F228: -1852102 | G228: 412021 | H228: VENTA PRODUCTO TERMINADO NACIONAL | I228: 0 | J228: 0 | K228: 30843415 | L228: -30843415
A229: 425540 | B229: POR INCAPACIDADES | C229: 0 | D229: 0 | E229: 1852102 | F229: -1852102 | G229: 4135 | H229: COMERCIO AL POR MAYOR Y AL POR MENOR | I229: -1.734085e+08 | J229: 0 | K229: 5.3164374e+08 | L229: -7.0505224e+08
A230: 4295 | B230: DIVERSOS | C230: 0 | D230: 0 | E230: 711330.58 | F230: -711330.58 | G230: 413501 | H230: COMERCIO AL POR MAYOR Y AL POR MENOR | I230: 0 | J230: 0 | K230: 22000000 | L230: -22000000
A231: 429501 | B231: DIVERSOS | C231: 0 | D231: 0 | E231: 710991.24 | F231: -710991.24 | G231: 413520 | H231: COMERCIO MATERIA PRIMA NACIONAL | I231: -69772308 | J231: 0 | K231: 1.3625508e+08 | L231: -2.0602738e+08
A232: 429581 | B232: AJUSTE AL PESO | C232: 0 | D232: 0 | E232: 339.34 | F232: -339.34 | G232: 413521 | H232: COMERCIO MATERIA PRIMA IMPORTADA | I232: -1.0363619e+08 | J232: 0 | K232: 3.7338867e+08 | L232: -4.7702486e+08
A233: 5 | B233: Gastos | C233: =(C234+C295+C337)*2 -> 0 | D233: =(D234+D295+D337)*2 -> 8.2522041e+08 | E233: =(E234+E295+E337)*2 -> 1476796 | F233: =(F234+F295+F337)*2 -> 8.2374361e+08 | G233: 4155 | H233: ACTIVIDADES CONEXAS | I233: -367884078 | J233: 0 | K233: 63414277 | L233: -4.3129836e+08
A234: 51 | B234: GASTOS DE ADMINISTRACION | C234: 0 | D234: 2.838214e+08 | E234: 489372 | F234: 2.8333203e+08 | G234: 415590 | H234: MANTENIMIENTO Y REPARACION DE MAQUINARIA Y EQUIPO | I234: -367884078 | J234: 0 | K234: 63414277 | L234: -4.3129836e+08
A235: 5105 | B235: GASTOS DE PERSONAL | C235: 0 | D235: 225257576 | E235: 0 | F235: 225257576 | G235: 41559002 | H235: MANTENIMIENTO Y REPARACION DE MAQUINARIA Y EQUIPO | I235: -367884078 | J235: 0 | K235: 63414277 | L235: -4.3129836e+08
A236: 510506 | B236: SUELDOS DE PERSONAL | C236: 0 | D236: 110139066 | E236: 0 | F236: 110139066 | G236: 4175 | H236: DEVOLUCIONES EN VENTAS (DB) | I236: 560000 | J236: 1.6932177e+08 | K236: 0 | L236: 1.6988177e+08
A237: 510515 | B237: HORAS EXTRAS Y RECARGOS | C237: 0 | D237: 6626 | E237: 0 | F237: 6626 | G237: 417501 | H237: DEVOLUCIONES REBAJAS Y DESCUENTOS (DB) | I237: 0 | J237: 35230437 | K237: 0 | L237: 35230437
A238: 510518 | B238: COMISIONES | C238: 0 | D238: 35856688 | E238: 0 | F238: 35856688 | G238: 41750105 | H238: EN VENTA DE EQUIPOS Y REPUESTOS | I238: 0 | J238: 35230437 | K238: 0 | L238: 35230437
A239: 510524 | B239: INCAPACIDADES | C239: 0 | D239: 200000 | E239: 0 | F239: 200000 | G239: 417520 | H239: DEVOL. MATERIA PRIMA NACIONAL | I239: 0 | J239: 62119445 | K239: 0 | L239: 62119445
A240: 510527 | B240: AUXILIO DE TRANSPORTE | C240: 0 | D240: 1469066 | E240: 0 | F240: 1469066 | G240: 417521 | H240: DEVOL. MATERIA PRIMA IMPORTADA | I240: 560000 | J240: 71971883 | K240: 0 | L240: 72531883
A241: 510530 | B241: CESANTIAS | C241: 0 | D241: 12907766 | E241: 0 | F241: 12907766 | G241: 42 | H241: NO OPERACIONALES | I241: -21714070 | J241: 0 | K241: 1.5091474e+08 | L241: -1.7262881e+08
A242: 510533 | B242: INTERESES SOBRE CESANTIAS | C242: 0 | D242: 129060 | E242: 0 | F242: 129060 | G242: 4205 | H242: OTRAS VENTAS | I242: -1972941.5 | J242: 0 | K242: 69935776 | L242: -71908718
A243: 510536 | B243: PRIMA DE SERVICIOS | C243: 0 | D243: 12907766 | E243: 0 | F243: 12907766 | G243: 420505 | H243: MATERIA PRIMA | I243: -1972941.5 | J243: 0 | K243: 69935776 | L243: -71908718
A244: 510539 | B244: VACACIONES | C244: 0 | D244: 7684730 | E244: 0 | F244: 7684730 | G244: 4210 | H244: FINANCIEROS | I244: -16765616 | J244: 0 | K244: 26466471 | L244: -43232086
A245: 510545 | B245: AUXILIOS | C245: 0 | D245: 165000 | E245: 0 | F245: 165000 | G245: 421005 | H245: INTERESES FINANCIEROS | I245: -3930798.2 | J245: 0 | K245: 2610155.3 | L245: -6540953.5
... A257: 510575 | B257: APORTES AL I.C.B.F. | C257: 0 | D257: 3034000 | E257: 0 | F257: 3034000 | G257: 429581 | H257: AJUSTE AL PESO | I257: -339.34 | J257: 0 | K257: 497.52 | L257: -836.86
A258: 510578 | B258: APORTES AL SENA | C258: 0 | D258: 2022800 | E258: 0 | F258: 2022800 | G258: 5 | H258: Gastos | I258: =(I259+I332+I376)*2 -> 8.2374361e+08 | J258: =(J259+J332+J376)*2 -> 759066188 | K258: =(K259+K332+K376)*2 -> 5832044 | L258: =(L259+L332+L376)*2 -> 1.5769778e+09
A259: 510584 | B259: GASTOS MEDICOS Y DROGAS | C259: 0 | D259: 6763808 | E259: 0 | F259: 6763808 | G259: 51 | H259: GASTOS DE ADMINISTRACION | I259: 2.8333203e+08 | J259: 2.9147288e+08 | K259: 2696578 | L259: 5.7210833e+08
A260: 5110 | B260: HONORARIOS | C260: 0 | D260: 16779010 | E260: 0 | F260: 16779010 | G260: 5105 | H260: GASTOS DE PERSONAL | I260: 225257576 | J260: 191344608 | K260: 1727600 | L260: 414874584
A261: 511010 | B261: REVISORIA FISCAL | C261: 0 | D261: 3400000 | E261: 0 | F261: 3400000 | G261: 510506 | H261: SUELDOS DE PERSONAL | I261: 110139066 | J261: 116431600 | K261: 0 | L261: 226570666
A262: 511025 | B262: ASESORIA JURIDICA | C262: 0 | D262: 5600000 | E262: 0 | F262: 5600000 | G262: 510515 | H262: HORAS EXTRAS Y RECARGOS | I262: 6626 | J262: 0 | K262: 0 | L262: 6626
A263: 511035 | B263: ASESORIA TECNICA | C263: 0 | D263: 1652000 | E263: 0 | F263: 1652000 | G263: 510518 | H263: COMISIONES | I263: 35856688 | J263: 14517224 | K263: 0 | L263: 50373912
A264: 511096 | B264: ASESORIA EQUIPOS DE COMPUTO | C264: 0 | D264: 2927010 | E264: 0 | F264: 2927010 | G264: 510524 | H264: INCAPACIDADES | I264: 200000 | J264: 0 | K264: 0 | L264: 200000
A265: 511099 | B265: GESTION DE SEGURIDAD Y SALUD | C265: 0 | D265: 3200000 | E265: 0 | F265: 3200000 | G265: 510527 | H265: AUXILIO DE TRANSPORTE | I265: 1469066 | J265: 1490356 | K265: 0 | L265: 2959422
A266: 5120 | B266: ARRENDAMIENTOS | C266: 0 | D266: 12419136 | E266: 0 | F266: 12419136 | G266: 510530 | H266: CESANTIAS | I266: 12907766 | J266: 8466532 | K266: 0 | L266: 21374298
A267: 512010 | B267: ARRIENDO DE CONSTRUCCIONES Y EDIFICACIONES | C267: 0 | D267: 12419136 | E267: 0 | F267: 12419136 | G267: 510533 | H267: INTERESES SOBRE CESANTIAS | I267: 129060 | J267: 84652 | K267: 0 | L267: 213712
A268: 5135 | B268: SERVICIOS | C268: 0 | D268: 12708500 | E268: 489372 | F268: 12219128 | G268: 510536 | H268: PRIMA DE SERVICIOS | I268: 12907766 | J268: 8466532 | K268: 0 | L268: 21374298
A269: 513505 | B269: ASEO Y VIGILANCIA | C269: 0 | D269: 737110 | E269: 0 | F269: 737110 | G269: 510539 | H269: VACACIONES | I269: 7684730 | J269: 5460558 | K269: 0 | L269: 13145288
A270: 513510 | B270: TEMPORALES | C270: 0 | D270: 2984942 | E270: 0 | F270: 2984942 | G270: 510545 | H270: AUXILIOS | I270: 165000 | J270: 165000 | K270: 0 | L270: 330000
... A346: 53055501 | B346: CONTRIBUCION 4X MIL | C346: 0 | D346: 5774734.1 | E346: 0 | F346: 5774734.1 | G346: 52056902 | H346: E.P.S. FAMISANAR | I346: 200 | J346: 200 | K346: 0 | L346: 400
A347: 6 | B347: Costos | C347: =(C348+C354)*2 -> 0 | D347: =(D348+D354)*2 -> 7.0123823e+08 | E347: =(E348+E354)*2 -> 4.8191677e+08 | F347: =(F348+F354)*2 -> 2.1932146e+08 | G347: 52056903 | H347: E.P.S. SANITAS | I347: 3861400 | J347: 2122600 | K347: 0 | L347: 5984000
A348: 61 | B348: COSTO DE VENTAS Y PRESTACION DE SERVICIOS | C348: 0 | D348: 3.3793745e+08 | E348: 2.4095838e+08 | F348: 96979071 | G348: 520570 | H348: APORTES A FONDOS DE PENSIONES Y/O CESANTIAS | I348: 7841600 | J348: 4709800 | K348: 0 | L348: 12551400
A349: 6120 | B349: INDUSTRIAS MANUFACTURERAS | C349: 0 | D349: 2.4343572e+08 | E349: 2.3895078e+08 | F349: 4484945.3 | G349: 52057001 | H349: PENSIONES Y CESANTIAS PROTECCION S.A. | I349: 218200 | J349: 261800 | K349: 0 | L349: 480000
A350: 612021 | B350: COST. VENTA PRODUCTO TERMINADO NACIONAL | C350: 0 | D350: 2.4343572e+08 | E350: 2.3895078e+08 | F350: 4484945.3 | G350: 52057002 | H350: COLFONDOS PENSIONES Y CESANTIAS | I350: 1904800 | J350: 1196600 | K350: 0 | L350: 3101400
...

Sheet WACC
B4: CALCULO WACC NO. 1 - CONTABLE
B6: 1. Determine el promedio ponderado de las deudas:
B8: BANCOS | C8: MONTO | D8: TASA DE INTERES | E8: PARTICIPACIÓN | F8: COSTO PROMEDIO
E9: =C9/$C$12 -> #DIV/0! | F9: =D9*E9 -> #DIV/0!
E10: =C10/$C$12 -> #DIV/0! | F10: =D10*E10 -> #DIV/0!
E11: =C11/$C$12 -> #DIV/0! | F11: =D11*E11 -> #DIV/0!
B12: TOTAL | C12: =SUM(C9:C11) -> 0 | D12: =SUM(D9:D11) -> 0 | E12: =C12/$C$12 -> #DIV/0! | F12: =SUM(F9:F11) -> #DIV/0!
B14: COSTO DE DEUDA (Kd) | C14: =F12 -> #DIV/0!
B16: 2. Indique la tasa del impuesto de renta del periodo
B18: Impuesto de renta
B20: 3. Determine el costo del capital:
B22: Patrimonio | C22: 400000000
B23: Utilidad del ejercicio | C23: 20000000
B25: COSTO DEL CAPITAL (Ke) | C25: =C23/C22 -> 0.05
B27: 4. Determine su estrcutura del capital
B29: Concepto | C29: Monto | D29: Participación
B30: Patrimonio | C30: =C22 -> 400000000 | D30: =C30/$C$32 -> 1
B31: Deuda | C31: =C12 -> 0 | D31: =C31/$C$32 -> 0
B32: Total | C32: =SUM(C30:C31) -> 400000000 | D32: =C32/$C$32 -> 1
B34: WACC | C34: =(D31*(C14*(1-C18)))+(D30*C25) -> #DIV/0!
B36: CALCULO WACC NO. 2 - MODELO SIMPLIFICADO
B38: 1. Determine el promedio ponderado de las deudas:
B40: BANCOS | C40: MONTO | D40: TASA DE INTERES | E40: PARTICIPACIÓN | F40: COSTO PROMEDIO
E41: =C41/$C$12 -> #DIV/0! | F41: =D41*E41 -> #DIV/0!
E42: =C42/$C$12 -> #DIV/0! | F42: =D42*E42 -> #DIV/0!
E43: =C43/$C$12 -> #DIV/0! | F43: =D43*E43 -> #DIV/0!
B44: TOTAL | C44: =SUM(C41:C43) -> 0 | D44: =SUM(D41:D43) -> 0 | E44: =C44/$C$12 -> #DIV/0! | F44: =SUM(F41:F43) -> #DIV/0!
B46: COSTO DE DEUDA (Kd) | C46: =F44 -> #DIV/0!
B48: 2. Indique la tasa del impuesto de renta del periodo
B50: Impuesto de renta | C50: 0.35
B52: 3. Para determinar el costo de capital, diligencie los siguientes campos:
B54: 3.1. Tasa Libre de riesgo Colombia
B55: TES a 10 Años | D55: https://www.banrep.gov.co/es/estadisticas/tes-pesos
B57: 3.2. Inflación Interanual Colombia Mayo 2020
B58: IPC | D58: https://www.banrep.gov.co/es/estadisticas/inflacion-total-y-meta#gsc.tab=0
B60: 3.3 Prima de Riesgo
B61: b | D61: https://datosmacro.expansion.com/prima-riesgo/colombia
B63: =B25 -> COSTO DEL CAPITAL (Ke) | C63: =+C55+C58+C61 -> 0
B65: 4. Determine su estrcutura del capital
B67: Concepto | C67: Monto | D67: Participación
B68: Patrimonio | C68: 400000000 | D68: =C68/$C$32 -> 1
B69: Deuda | C69: 1102000000 | D69: =C69/$C$32 -> 2.755
B70: Total | C70: =SUM(C68:C69) -> 1502000000 | D70: =C70/$C$32 -> 3.755
B72: WACC | C72: =(D69*(C46*(1-C50)))+(D68*C63) -> #DIV/0!
B74: CALCULO WACC NO. 3 (CAPM)
B76: 1. PROMEDIO PONDERA DE DEUDAS
B78: BANCOS | C78: MONTO | D78: TASA DE INTERES | E78: PARTICIPACIÓN | F78: COSTO PROMEDIO
E79: =C79/$C$12 -> #DIV/0! | F79: =D79*E79 -> #DIV/0!
E80: =C80/$C$12 -> #DIV/0! | F80: =D80*E80 -> #DIV/0!
E81: =C81/$C$12 -> #DIV/0! | F81: =D81*E81 -> #DIV/0!
B82: TOTAL | C82: =SUM(C79:C81) -> 0 | D82: =SUM(D79:D81) -> 0 | E82: =C82/$C$12 -> #DIV/0! | F82: =SUM(F79:F81) -> #DIV/0!
B84: COSTO DE DEUDA (Kd) | C84: =F82 -> #DIV/0!
B86: 2. Indique la tasa del impuesto de renta del periodo
B88: Impuesto de renta | C88: 0.35
B90: 3. COSTO DEL CAPITAL (CAPM)
B92: 3.1. Determine Tasa Libre de riesgo de EEUU
B93: Rf (Bonos del tesoro) | C93: 0.0343 | D93: https://datosmacro.expansion.com/bono
B95: 3.2. Prima de riesgo por sector
B96: b | C96: 1.14 | D96: http://pages.stern.nyu.edu/~adamodar/New_Home_Page/datafile/Betas.html
B98: 3.3. Riesgo de mercado
B99: Rm | C99: ='[1]Riesgo de mercado'!D4 -> #REF! | D99: https://finance.yahoo.com/quote/%5EGSPC/history?period1=1433376000&period2=1591228800&interval=1mo&filter=history&frequency=1mo
B101: 3.4. RC/EMBI =【Prima de riesgo nación (Rentabilidad libre de riesgo + El riesgo pais)】
B102: RC/EMBI | C102: =1.9%+C93 -> 0.0533 | D102: https://www.cesla.com/indicadores-diarios-mercados-financieros-colombia.php
B104: 3.5. Inflación
B105: Inflación Colombia | C105: 0.0901 | D105: https://www.banrep.gov.co/es/estadisticas/inflacion-total-y-meta#gsc.tab=0
B106: Inflación EEUU | C106: 0.086 | D106: https://datosmacro.expansion.com/ipc
B107: Variación inflación | C107: =(1+C105)/(1+C106)-1 -> 0.0037753223
B109: Rentabilidad esperada | C109: =(C93+C96*(C99-C93))+C102 -> #REF!
B111: COSTO DEL CAPITAL (Ke) | C111: =(1+C109)*(1+C107)-1 -> #REF!
B113: 4. Determine su estrcutura del capital
B115: Concepto | C115: Monto | D115: Participación
B116: Patrimonio | C116: 400000000 | D116: =C116/$C$32 -> 1
B117: Deuda | C117: 1102000000 | D117: =C117/$C$32 -> 2.755
B118: Total | C118: =SUM(C116:C117) -> 1502000000 | D118: =C118/$C$32 -> 3.755
B120: WACC | C120: =(D117*(C84*(1-C88)))+(D116*C111) -> #DIV/0!

Sheet Taxonomia
A1: PLAN DE CUENTAS | E1: PLAN DE CUENTAS A CLASE
A2: No. | B2: CUENTA | C2: D E S C R I P C I O N | E2: No. | F2: CUENTA | G2: D E S C R I P C I O N
A3: =+LEN(B3) -> 1 | B3: 1 | C3: Activo | E3: =+LEN(F3) -> 1 | F3: 1 | G3: Activo
A4: =+LEN(B4) -> 2 | B4: 11 | C4: CAJA | E4: =+LEN(F4) -> 2 | F4: 11 | G4: CAJA
A5: =+LEN(B5) -> 4 | B5: 1105 | C5: CAJA | E5: =+LEN(F5) -> 4 | F5: 1105 | G5: CAJA
A6: =+LEN(B6) -> 6 | B6: 110505 | C6: CAJA GENERAL | E6: =+LEN(F6) -> 4 | F6: 1110 | G6: BANCOS
A7: =+LEN(B7) -> 6 | B7: 110510 | C7: CAJA MENOR BOGOTA | E7: =+LEN(F7) -> 4 | F7: 1120 | G7: CUENTAS DE AHORROS
A8: =+LEN(B8) -> 6 | B8: 110520 | C8: MONEDA EXTRAJERA DOLARES | E8: =+LEN(F8) -> 4 | F8: 1130 | G8: FIDEICOMISOS
A9: =+LEN(B9) -> 4 | B9: 1110 | C9: BANCOS | E9: =+LEN(F9) -> 2 | F9: 13 | G9: DEUDORES
A10: =+LEN(B10) -> 6 | B10: 111005 | C10: MONEDA NACIONAL | E10: =+LEN(F10) -> 4 | F10: 1305 | G10: CLIENTES
A11: =+LEN(B11) -> 4 | B11: 1120 | C11: CUENTAS DE AHORROS | E11: =+LEN(F11) -> 4 | F11: 1330 | G11: ANTICIPOS Y AVANCES
A12: =+LEN(B12) -> 6 | B12: 112005 | C12: BANCOS | E12: =+LEN(F12) -> 4 | F12: 1355 | G12: ANTICIPO DE IMPUESTOS Y CONTRIBUCIONES O SALDOS A
A13: =+LEN(B13) -> 4 | B13: 1130 | C13: FIDEICOMISOS | E13: =+LEN(F13) -> 4 | F13: 1365 | G13: CUENTAS POR COBRAR A TRABAJADORES
A14: =+LEN(B14) -> 6 | B14: 113005 | C14: ALIANZA FIDUCIARIA 130165090 | E14: =+LEN(F14) -> 4 | F14: 1380 | G14: DEUDORES VARIOS
... A130: =+LEN(B130) -> 6 | B130: 255020 | C130: PRIMA DE SERVICIOS | E130: =+LEN(F130) -> 4 | F130: 7395 | G130: DIVERSOS
A131: =+LEN(B131) -> 2 | B131: 27 | C131: IMPUESTOS DIFERIDOS
A132: =+LEN(B132) -> 4 | B132: 2725 | C132: IMPUESTO DIFERIDOS
A133: =+LEN(B133) -> 6 | B133: 272505 | C133: IMPUESTO DE RENTA DIFERIDO
A134: =+LEN(B134) -> 2 | B134: 28 | C134: OTROS PASIVOS
A135: =+LEN(B135) -> 4 | B135: 2805 | C135: ANTICIPOS Y AVANCES RECIBIDOS
A136: =+LEN(B136) -> 6 | B136: 280501 | C136: ANTICIPOS Y AVANCES RECIBIDOS
A137: =+LEN(B137) -> 4 | B137: 2830 | C137: EMBARGOS JUDICIALES
A138: =+LEN(B138) -> 6 | B138: 283010 | C138: DEPOSITOS JUDICIALES
A139: =+LEN(B139) -> 1 | B139: 3 | C139: Patrimonio
A140: =+LEN(B140) -> 2 | B140: 31 | C140: CAPITAL SOCIAL
A141: =+LEN(B141) -> 4 | B141: 3105 | C141: CAPITAL SUSCRITO Y PAGADO
A142: =+LEN(B142) -> 6 | B142: 310505 | C142: CAPITAL AUTORIZADO
... A395: =+LEN(B395) -> 6 | B395: 739595 | C395: GASTOS DE MONTAJE
